Workbook
Name aAle: '[1]GINI_países seleccionados'!$E$2:$E$8
Name ACol: '[1]GINI_países seleccionados'!$C$2:$C$18
Name akorea: '[1]GINI_países seleccionados'!$K$2:$K$5
Name alemania: '[1]GINI_países seleccionados'!$F$2:$F$8
Name amex: '[1]GINI_países seleccionados'!$M$2:$M$14
Name aper: '[1]GINI_países seleccionados'!$O$2:$O$20
Name aReino: '[1]GINI_países seleccionados'!$G$2:$G$12
Name ausa: '[1]GINI_países seleccionados'!$Q$2:$Q$11
Name CM: [2]Data!$B$1
Name colombia: '[1]GINI_países seleccionados'!$D$2:$D$18
Name CONTINENTAL: '[3]Crd Ctg y Cob'!$A$11
Name corea: '[1]GINI_países seleccionados'!$L$2:$L$5
Name CR: [2]Data!$Q$1
Name Datos1: #REF!,#REF!,#REF!
Name Datos2: #REF!,#REF!
Name Datos3: #REF!,#REF!
Name Datos5: #REF!,#REF!,#REF!
Name Datos6: #REF!,#REF!
Name EDPYME: [2]Data!$AD$1
Name Fecha: [4]Datos!$D$4
Name GAdmin: #REF!
Name IMFNB: #REF!
Name Indic.Propuestos: '[5]Ctas-Ind (1)'!#REF!
Name INDICE: [6]!INDICE
Name IngresF: #REF!
Name Inicio: '[7]02-T_DEP'!#REF!
Name Lorenz5: #REF!,#REF!,#REF!
Name mexico: '[1]GINI_países seleccionados'!$N$2:$N$14
Name MFinanc: #REF!
Name peru: '[1]GINI_países seleccionados'!$P$2:$P$20
Name runido: '[1]GINI_países seleccionados'!$H$2:$H$12
Name TipoCambioMes: #REF!
Name usa: '[1]GINI_países seleccionados'!$R$2:$R$11
Name Utilid: #REF!

Sheet Hogares más ricos_empleo_ing
D3: 2014 | E3: 2015 | F3: 2016
C4: Ubigeo | D4: 220701 | J4: Tipo de ingreso
C5: Suma a mano | D5: =SUM(D7:D44) -> #REF! | E5: =SUM(E7:E36) -> 0 | F5: =SUM(F7:F36) -> 0 | J5: Ingreso laboral
B6: Código Stata | C6: Ingresos totales (soles) | D6: 1102535 | E6: 737502.8 | J6: Ingreso de capital
B7: d524a1 | C7: Ingreso total (Deflactado, Anualizado) | D7: =VLOOKUP('Hogares más ricos_empleo_ing'!B7,#REF!,2,0) -> #REF! | J7: Ingreso mixto
B8: d529t | C8: Pago en especie dependiente (Deflactado, Anualizado) | D8: =VLOOKUP('Hogares más ricos_empleo_ing'!B8,#REF!,2,0) -> #REF! | J8: Remesas
B9: d530a | C9: Ganancia (ocupación principal independiente) (Deflactado, Anualizado) | D9: =VLOOKUP('Hogares más ricos_empleo_ing'!B9,#REF!,2,0) -> #REF! | J9: Donaciones y/o transferencias, otros ingresos extraordinarios
B10: d536 | C10: Valor de los productos para su consumo (Deflactado, Anualizado) | D10: =VLOOKUP('Hogares más ricos_empleo_ing'!B10,#REF!,2,0) -> #REF! | J10: Total
B11: d538a1 | C11: Ingreso total (Deflactado, Anualizado) ocupación secundaria dependiente | D11: =VLOOKUP('Hogares más ricos_empleo_ing'!B11,#REF!,2,0) -> #REF!
B12: d540t | C12: deflactado, anualizado- Pago en especie (dependiente secundario) (Deflactado, Anualizado) | D12: =VLOOKUP('Hogares más ricos_empleo_ing'!B12,#REF!,2,0) -> #REF!
B13: d541a | C13: deflactado, anualizado - en su ocupación secundaria indpendiente ¿cuál fue su ganancia el mes? | D13: =VLOOKUP('Hogares más ricos_empleo_ing'!B13,#REF!,2,0) -> #REF!
B14: d543 | C14: (deflactado, anualizado) ocupación secundaria independiente en los últimos 12 meses ¿ recibió en total ( monto total? Valor de los productos utilizados para su consumo | D14: =VLOOKUP('Hogares más ricos_empleo_ing'!B14,#REF!,2,0) -> #REF!
B15: d544t | C15: Ingreso extraordinario (Deflactado) | D15: =VLOOKUP('Hogares más ricos_empleo_ing'!B15,#REF!,2,0) -> #REF!
B16: d556t1 | C16: Transferencias corrientes del país (Deflactado, Anualizado) | D16: =VLOOKUP('Hogares más ricos_empleo_ing'!B16,#REF!,2,0) -> #REF!
B17: d556t2 | C17: Transferencias corrientes del extranjero (Deflactado, Anualizado) | D17: =VLOOKUP('Hogares más ricos_empleo_ing'!B17,#REF!,2,0) -> #REF!
B18: d557t | C18: (deflactado, anualizado) los últimos 12 meses el monto total por rentas de la propiedad | D18: =VLOOKUP('Hogares más ricos_empleo_ing'!B18,#REF!,2,0) -> #REF!
B19: d558t | C19: (deflactado, anualizado) los últimos 12 meses, el monto total por otros ingresos extraordinarios | D19: =VLOOKUP('Hogares más ricos_empleo_ing'!B19,#REF!,2,0) -> #REF!
B20: d559d1 | C20: (deflactado, anualizado) generalmente ¿cuánto pagó cada vez por : desayuno? | D20: =VLOOKUP('Hogares más ricos_empleo_ing'!B20,#REF!,2,0) -> #REF!
B21: d559d2 | C21: (deflactado, anualizado) generalmente ¿cuánto pagó cada vez por : almuerzo? | D21: =VLOOKUP('Hogares más ricos_empleo_ing'!B21,#REF!,2,0) -> #REF!
B22: d559d3 | C22: (deflactado, anualizado) generalmente ¿cuánto pagó cada vez por : cena? | D22: =VLOOKUP('Hogares más ricos_empleo_ing'!B22,#REF!,2,0) -> #REF!
... B44: d560d10 | C44: Generalmente ¿Cuánto pagó cada vez por : 4. RADIOCOMUNICACIÓN? (Deflactado, Anualizado) | D44: =VLOOKUP('Hogares más ricos_empleo_ing'!B44,#REF!,2,0) -> #REF!

Sheet Insumos gráf. 1-4
A1: Año | B1: Participación salarial (%) | C1: Participación salarial (%) H-P | D1: Participación excedente bruto de explotación (%) | E1: Participación excedente bruto de explotación (%) H-P | F1: Participación del consumo de capital fijo (%) | G1: Participación excedente de explotación (%) | H1: Participación del ingreso independiente (%) | I1: Participación del ingreso independiente (%) H-P | J1: Participación del ingreso independiente agrícola (%) | K1: Participación del ingreso independiente agrícola (%) H-P | L1: Participación del ingreso independiente no agrícola (%) | M1: Participación del ingreso independiente no agrícola (%) H-P | N1: Participación del T-S (%)
A2: 1950 | B2: 34.791929 | C2: 34.095792 | D2: 28.606557 | E2: 28.054952 | F2: 4.110971 | G2: =D2-F2 -> 24.495586 | H2: 31.998739 | I2: 32.470123 | J2: 19.287516 | K2: 20.405868 | L2: 12.711223 | M2: 12.064255 | N2: =100-B2-D2-H2 -> 4.6027743
A3: 1951 | B3: 33.313262 | C3: 34.864114 | D3: 29.108335 | E3: 27.69258 | F3: 4.2300166 | G3: =D3-F3 -> 24.878318 | H3: 31.958453 | I3: 31.813994 | J3: 20.35225 | K3: 19.572609 | L3: 11.606202 | M3: 12.241385 | N3: =100-B3-D3-H3 -> 5.6199508
A4: 1952 | B4: 34.44854 | C4: 35.639397 | D4: 28.125886 | E4: 27.335724 | F4: 4.5458841 | G4: =D4-F4 -> 23.580002 | H4: 31.112371 | I4: 31.153152 | J4: 19.208959 | K4: 18.728167 | L4: 11.903412 | M4: 12.424985 | N4: =100-B4-D4-H4 -> 6.3132029
A5: 1953 | B5: 36.132505 | C5: 36.413095 | D5: 25.437598 | E5: 27.004057 | F5: 4.3584807 | G5: =D5-F5 -> 21.079118 | H5: 31.428321 | I5: 30.484326 | J5: 19.096797 | K5: 17.869154 | L5: 12.331525 | M5: 12.615173 | N5: =100-B5-D5-H5 -> 7.0015754
A6: 1954 | B6: 36.935049 | C6: 37.164751 | D6: 26.358126 | E6: 26.725155 | F6: 4.7815025 | G6: =D6-F6 -> 21.576624 | H6: 30.320263 | I6: 29.803841 | J6: 17.371296 | K6: 16.996991 | L6: 12.948967 | M6: 12.80685 | N6: =100-B6-D6-H6 -> 6.3865609
A7: 1955 | B7: 37.666329 | C7: 37.871104 | D7: 26.295171 | E7: 26.510929 | F7: 4.7619048 | G7: =D7-F7 -> 21.533266 | H7: 29.520432 | I7: 29.117458 | J7: 16.403242 | K7: 16.125375 | L7: 13.11719 | M7: 12.992083 | N7: =100-B7-D7-H7 -> 6.5180682
A8: 1956 | B8: 38.919017 | C8: 38.506595 | D8: 26.970037 | E8: 26.369619 | F8: 4.7020329 | G8: =D8-F8 -> 22.268004 | H8: 27.227558 | I8: 28.436105 | J8: 13.766777 | K8: 15.271747 | L8: 13.460781 | M8: 13.164357 | N8: =100-B8-D8-H8 -> 6.8833884
A9: 1957 | B9: 40.316775 | C9: 39.043618 | D9: 26.275129 | E9: 26.307307 | F9: 4.8485352 | G9: =D9-F9 -> 21.426594 | H9: 26.557568 | I9: 27.774738 | J9: 12.601761 | K9: 14.456326 | L9: 13.955807 | M9: 13.318412 | N9: =100-B9-D9-H9 -> 6.8505289
A10: 1958 | B10: 41.685276 | C10: 39.458691 | D10: 24.011215 | E10: 26.33608 | F10: 5.0692273 | G10: =D10-F10 -> 18.941988 | H10: 28.298844 | I10: 27.13623 | J10: 14.289613 | K10: 13.684281 | L10: 14.00923 | M10: 13.451949 | N10: =100-B10-D10-H10 -> 6.0046648
A11: 1959 | B11: 41.192744 | C11: 39.741063 | D11: 24.207548 | E11: 26.467705 | F11: 5.0197453 | G11: =D11-F11 -> 19.187802 | H11: 27.877854 | I11: 26.51128 | J11: 13.754144 | K11: 12.942236 | L11: 14.123709 | M11: 13.569044 | N11: =100-B11-D11-H11 -> 6.721855
A12: 1960 | B12: 39.115078 | C12: 39.902249 | D12: 28.867139 | E12: 26.690696 | F12: 5.7671019 | G12: =D12-F12 -> 23.100037 | H12: 24.866014 | I12: 25.902212 | J12: 11.553533 | K12: 12.222867 | L12: 13.312481 | M12: 13.679346 | N12: =100-B12-D12-H12 -> 7.1517686
A13: 1961 | B13: 39.661892 | C13: 39.968281 | D13: 27.682555 | E13: 26.97097 | F13: 5.5944275 | G13: =D13-F13 -> 22.088127 | H13: 24.777334 | I13: 25.325021 | J13: 11.678798 | K13: 11.52697 | L13: 13.098536 | M13: 13.79805 | N13: =100-B13-D13-H13 -> 7.8782187
... A67: 2015 | B67: 31.743447 | C67: 31.424771 | D67: 36.771042 | E67: 37.537498 | F67: 8.0298989 | G67: =D67-F67 -> 28.741144 | H67: 22.275555 | I67: 21.865349 | J67: 5.1664842 | K67: 5.0387586 | L67: 17.10907 | M67: 16.82659 | N67: =100-B67-D67-H67 -> 9.2099563
A68: 2016 | B68: 31.457337 | C68: 31.538857 | D68: 37.11331 | E68: 37.27325 | G68: =D68-F68 -> 37.11331 | H68: 22.52757 | I68: 21.96968 | J68: 5.1187147 | K68: 5.0541997 | L68: 17.408856 | M68: 16.91548 | N68: =100-B68-D68-H68 -> 8.9017831
A69: Fuente: Castillo(2015), INEI (2018)
A70: .

Sheet Insumo gráf. 5
B5: Coeficientes de Gini | D5: 2007 | E5: 2008 | F5: 2009 | G5: 2010 | H5: 2011 | I5: 2012 | J5: 2013 | K5: 2014 | L5: 2015 | M5: 2016
B6: Asalariados | C6: Gini sectorial (fórmula 1) | D6: 0.19007361 | E6: 0.19298012 | F6: 0.20557833 | G6: 0.19630719 | H6: 0.19848948 | I6: 0.19510036 | J6: 0.19016338 | K6: 0.17641572 | L6: 0.17972613 | M6: 0.18226447
B7: Ingreso mixto | C7: Gini sectorial (fórmula 1) | D7: 0.17980481 | E7: 0.17233369 | F7: 0.18853031 | G7: 0.17137588 | H7: 0.16225561 | I7: 0.15242818 | J7: 0.15360148 | K7: 0.15033404 | L7: 0.16618044 | M7: 0.17674799
B8: Total | C8: Gini sectorial (fórmula 1) | D8: 0.20346259 | E8: 0.17538284 | F8: 0.20936882 | G8: 0.19012613 | H8: 0.18721522 | I8: 0.18230661 | J8: 0.16897376 | K8: 0.16730828 | L8: 0.17768513 | M8: 0.17775018

Sheet Insumo gráf. 6
B1: Ingreso | C1: Ingreso | D1: Ingreso | E1: Ingreso | F1: Ingreso | G1: Ingreso | H1: Ingreso | J1: Ingreso | N1: Gasto | AC1: Simulación escenario 2
B2: Mendoza et al. (2011) corregido por PBI | C2: Gini ingreso Mendoza et al. (2011) corredigo por PBI | D2: Mendoza et al. (2011) corregido por PNB | E2: Gini ingreso Mendoza et al. (2011) corredigo por PNB | F2: Cruz-Saco et al. (2018) | G2: Yamada, Castro y Oviedo (2016), definición de ingreso amplia | H2: Yamada y Castro (2006) | I2: Yamada, Castro y Oviedo (2016) correción por cuentas nacionales | J2: INEI | K2: Gini Gasto Mendoza et al. (2011) | L2: Gini Gasto Mendoza et al. (2011) | M2: Gini Gasto Cruz-Saco et al. (2018) | N2: Gini INEI gasto | O2: Fuente | P2: Gini INEI (ingreso) | Q2: Gini INEI (gasto) | R2: Fuente | S2: Gini INEI (ingreso) | T2: Gini INEI (gasto) | U2: Fuente | W2: Gini INEI (ingreso) | X2: Gini INEI (gasto) | Y2: Fuente | Z2: Gini INEI (ingreso) | AA2: Gini INEI (gasto) | AB2: Fuente
A3: 1985 | B3: ='[1]Base de datos'!B3/100 -> 0.603 | C3: ='[1]Base de datos'!C3/100 -> 0.00603 | D3: ='[1]Base de datos'!D3/100 -> 0.579 | E3: ='[1]Base de datos'!E3/100 -> 0.00579 | K3: ='[1]Base de datos'!I3/100 -> 0.543 | L3: 0.543
A4: 1986 | B4: ='[1]Base de datos'!B4/100 -> 0.636 | C4: ='[1]Base de datos'!C4/100 -> 0.00636 | D4: ='[1]Base de datos'!D4/100 -> 0.621 | E4: 0.621 | K4: ='[1]Base de datos'!I4/100 -> 0.588 | L4: 0.588
A5: 1987 | B5: ='[1]Base de datos'!B5/100 -> 0.658 | C5: ='[1]Base de datos'!C5/100 -> 0.00658 | D5: ='[1]Base de datos'!D5/100 -> 0.646 | E5: 0.646 | K5: ='[1]Base de datos'!I5/100 -> 0.61 | L5: 0.61
A6: 1988 | B6: ='[1]Base de datos'!B6/100 -> 0.653 | C6: ='[1]Base de datos'!C6/100 -> 0.00653 | D6: ='[1]Base de datos'!D6/100 -> 0.634 | E6: 0.634 | K6: ='[1]Base de datos'!I6/100 -> 0.601 | L6: 0.601
A7: 1989 | B7: ='[1]Base de datos'!B7/100 -> 0.643 | C7: ='[1]Base de datos'!C7/100 -> 0.00643 | D7: ='[1]Base de datos'!D7/100 -> 0.623 | E7: 0.623 | K7: ='[1]Base de datos'!I7/100 -> 0.575 | L7: 0.575
A8: 1990 | B8: ='[1]Base de datos'!B8/100 -> 0.641 | C8: ='[1]Base de datos'!C8/100 -> 0.00641 | D8: ='[1]Base de datos'!D8/100 -> 0.622 | E8: 0.622 | K8: ='[1]Base de datos'!I8/100 -> 0.576 | L8: 0.576
A9: 1991 | B9: ='[1]Base de datos'!B9/100 -> 0.653 | C9: ='[1]Base de datos'!C9/100 -> 0.00653 | D9: ='[1]Base de datos'!D9/100 -> 0.64 | E9: 0.64 | K9: ='[1]Base de datos'!I9/100 -> 0.593 | L9: 0.593
A10: 1992 | B10: ='[1]Base de datos'!B10/100 -> 0.644 | C10: ='[1]Base de datos'!C10/100 -> 0.00644 | D10: ='[1]Base de datos'!D10/100 -> 0.632 | E10: 0.632 | K10: ='[1]Base de datos'!I10/100 -> 0.585 | L10: 0.585
A11: 1993 | B11: ='[1]Base de datos'!B11/100 -> 0.643 | C11: ='[1]Base de datos'!C11/100 -> 0.00643 | D11: ='[1]Base de datos'!D11/100 -> 0.627 | E11: 0.627 | K11: ='[1]Base de datos'!I11/100 -> 0.579 | L11: 0.579
A12: 1994 | B12: ='[1]Base de datos'!B12/100 -> 0.663 | C12: ='[1]Base de datos'!C12/100 -> 0.00663 | D12: ='[1]Base de datos'!D12/100 -> 0.65 | E12: 0.65 | K12: ='[1]Base de datos'!I12/100 -> 0.596 | L12: 0.596
A13: 1995 | B13: ='[1]Base de datos'!B13/100 -> 0.653 | C13: ='[1]Base de datos'!C13/100 -> 0.00653 | D13: ='[1]Base de datos'!D13/100 -> 0.639 | E13: 0.639 | K13: ='[1]Base de datos'!I13/100 -> 0.591 | L13: 0.591
A14: 1996 | B14: ='[1]Base de datos'!B14/100 -> 0.61 | C14: ='[1]Base de datos'!C14/100 -> 0.0061 | D14: ='[1]Base de datos'!D14/100 -> 0.599 | E14: 0.599 | J14: ='[1]Base de datos'!H14/100 -> 0.4007 | K14: ='[1]Base de datos'!I14/100 -> 0.547 | L14: 0.547 | O14: =AB14 -> INEI (1996) | Z14: 0.4007 | AB14: INEI (1996)
A15: 1997 | B15: ='[1]Base de datos'!B15/100 -> 0.604 | C15: ='[1]Base de datos'!C15/100 -> 0.00604 | D15: ='[1]Base de datos'!D15/100 -> 0.595 | E15: 0.595 | F15: ='[1]Base de datos'!F15/100 -> 0.671 | H15: 0.614 | K15: ='[1]Base de datos'!I15/100 -> 0.535 | L15: 0.535 | M15: ='[1]Base de datos'!K15/100 -> 0.605 | N15: ='[1]Base de datos'!L15/100 -> 0.443 | O15: =U15 -> Herrera (2002) | T15: 0.443 | U15: Herrera (2002)
A16: 1998 | B16: ='[1]Base de datos'!B16/100 -> 0.594 | C16: ='[1]Base de datos'!C16/100 -> 0.00594 | D16: ='[1]Base de datos'!D16/100 -> 0.588 | E16: 0.588 | F16: ='[1]Base de datos'!F16/100 -> 0.645 | K16: ='[1]Base de datos'!I16/100 -> 0.525 | L16: 0.525 | M16: ='[1]Base de datos'!K16/100 -> 0.595 | N16: ='[1]Base de datos'!L16/100 -> 0.449 | O16: =U16 -> Herrera (2002) | T16: 0.449 | U16: Herrera (2002)
A17: 1999 | B17: ='[1]Base de datos'!B17/100 -> 0.637 | C17: ='[1]Base de datos'!C17/100 -> 0.00637 | D17: ='[1]Base de datos'!D17/100 -> 0.631 | E17: 0.631 | F17: ='[1]Base de datos'!F17/100 -> 0.676 | K17: ='[1]Base de datos'!I17/100 -> 0.568 | L17: 0.568 | M17: ='[1]Base de datos'!K17/100 -> 0.608 | N17: ='[1]Base de datos'!L17/100 -> 0.453 | O17: =U17 -> Herrera (2002) | T17: 0.453 | U17: Herrera (2002)
A18: 2000 | B18: ='[1]Base de datos'!B18/100 -> 0.649 | C18: ='[1]Base de datos'!C18/100 -> 0.00649 | D18: ='[1]Base de datos'!D18/100 -> 0.642 | E18: 0.642 | F18: ='[1]Base de datos'!F18/100 -> 0.654 | K18: ='[1]Base de datos'!I18/100 -> 0.584 | L18: 0.584 | M18: ='[1]Base de datos'!K18/100 -> 0.617 | N18: ='[1]Base de datos'!L18/100 -> 0.402 | O18: =U18 -> Herrera (2002) | T18: 0.402 | U18: Herrera (2002)
A19: 2001 | B19: ='[1]Base de datos'!B19/100 -> 0.691 | C19: ='[1]Base de datos'!C19/100 -> 0.00691 | D19: ='[1]Base de datos'!D19/100 -> 0.686 | E19: 0.686 | F19: ='[1]Base de datos'!F19/100 -> 0.686 | H19: 0.652 | J19: ='[1]Base de datos'!H19/100 -> 0.52 | K19: ='[1]Base de datos'!I19/100 -> 0.633 | L19: 0.633 | M19: ='[1]Base de datos'!K19/100 -> 0.65 | N19: ='[1]Base de datos'!L19/100 -> 0.44 | O19: =Y19 -> INEI (2011) | T19: =0.446 -> 0.446 | U19: Herrera (2002) | W19: 0.52 | X19: 0.44 | Y19: INEI (2011)
A20: 2002 | B20: ='[1]Base de datos'!B20/100 -> 0.703 | C20: ='[1]Base de datos'!C20/100 -> 0.00703 | D20: ='[1]Base de datos'!D20/100 -> 0.697 | E20: 0.697 | F20: ='[1]Base de datos'!F20/100 -> 0.672 | J20: ='[1]Base de datos'!H20/100 -> 0.54 | K20: ='[1]Base de datos'!I20/100 -> 0.646 | L20: 0.646 | M20: ='[1]Base de datos'!K20/100 -> 0.649 | N20: ='[1]Base de datos'!L20/100 -> 0.45 | O20: =Y20 -> INEI (2011) | W20: 0.54 | X20: 0.45 | Y20: INEI (2011)
A21: 2003 | B21: ='[1]Base de datos'!B21/100 -> 0.693 | C21: ='[1]Base de datos'!C21/100 -> 0.00693 | D21: ='[1]Base de datos'!D21/100 -> 0.685 | E21: 0.685 | F21: ='[1]Base de datos'!F21/100 -> 0.704 | J21: ='[1]Base de datos'!H21/100 -> 0.54 | K21: ='[1]Base de datos'!I21/100 -> 0.634 | L21: 0.634 | M21: ='[1]Base de datos'!K21/100 -> 0.668 | N21: ='[1]Base de datos'!L21/100 -> 0.43 | O21: =Y21 -> INEI (2011) | W21: 0.54 | X21: 0.43 | Y21: INEI (2011)
A22: 2004 | B22: ='[1]Base de datos'!B22/100 -> 0.688 | C22: ='[1]Base de datos'!C22/100 -> 0.00688 | D22: ='[1]Base de datos'!D22/100 -> 0.675 | E22: 0.675 | F22: ='[1]Base de datos'!F22/100 -> 0.668 | G22: ='[1]Base de datos'!G22/100 -> 0.496 | H22: 0.687 | I22: 0.65 | J22: ='[1]Base de datos'!H22/100 -> 0.492 | K22: ='[1]Base de datos'!I22/100 -> 0.626 | L22: 0.626 | M22: ='[1]Base de datos'!K22/100 -> 0.642 | N22: ='[1]Base de datos'!L22/100 -> 0.408 | O22: =R22 -> INEI (2009) | P22: 0.492 | Q22: 0.408 | R22: INEI (2009) | W22: 0.49 | X22: 0.41 | Y22: INEI (2011) | AC22: 0.697
A23: 2005 | B23: ='[1]Base de datos'!B23/100 -> 0.686 | C23: ='[1]Base de datos'!C23/100 -> 0.00686 | D23: ='[1]Base de datos'!D23/100 -> 0.67 | E23: 0.67 | F23: ='[1]Base de datos'!F23/100 -> 0.698 | G23: ='[1]Base de datos'!G23/100 -> 0.516 | I23: 0.665 | J23: ='[1]Base de datos'!H23/100 -> 0.508 | K23: ='[1]Base de datos'!I23/100 -> 0.621 | L23: 0.621 | M23: ='[1]Base de datos'!K23/100 -> 0.644 | N23: ='[1]Base de datos'!L23/100 -> 0.411 | O23: =R23 -> INEI (2009) | P23: 0.508 | Q23: 0.411 | R23: INEI (2009) | W23: 0.51 | X23: 0.41 | Y23: INEI (2011) | AC23: 0.712
A24: 2006 | B24: ='[1]Base de datos'!B24/100 -> 0.666 | C24: ='[1]Base de datos'!C24/100 -> 0.00666 | D24: ='[1]Base de datos'!D24/100 -> 0.645 | E24: 0.645 | F24: ='[1]Base de datos'!F24/100 -> 0.689 | G24: ='[1]Base de datos'!G24/100 -> 0.506 | I24: 0.646 | J24: ='[1]Base de datos'!H24/100 -> 0.499 | K24: ='[1]Base de datos'!I24/100 -> 0.598 | L24: 0.598 | M24: ='[1]Base de datos'!K24/100 -> 0.631 | N24: ='[1]Base de datos'!L24/100 -> 0.417 | O24: =R24 -> INEI (2009) | P24: 0.499 | Q24: 0.417 | R24: INEI (2009) | W24: 0.5 | X24: 0.42 | Y24: INEI (2011) | AC24: 0.706
A25: 2007 | B25: ='[1]Base de datos'!B25/100 -> 0.642 | C25: ='[1]Base de datos'!C25/100 -> 0.00642 | D25: ='[1]Base de datos'!D25/100 -> 0.622 | E25: 0.622 | F25: ='[1]Base de datos'!F25/100 -> 0.678 | G25: ='[1]Base de datos'!G25/100 -> 0.508 | I25: 0.645 | J25: ='[1]Base de datos'!H25/100 -> 0.5 | K25: ='[1]Base de datos'!I25/100 -> 0.571 | L25: 0.571 | M25: ='[1]Base de datos'!K25/100 -> 0.614 | N25: ='[1]Base de datos'!L25/100 -> 0.41 | O25: INEI (2017b) | P25: 0.507 | Q25: 0.41 | R25: INEI (2009) | W25: 0.51 | X25: 0.41 | Y25: INEI (2011) | AC25: 0.703
A26: 2008 | B26: ='[1]Base de datos'!B26/100 -> 0.636 | C26: ='[1]Base de datos'!C26/100 -> 0.00636 | D26: ='[1]Base de datos'!D26/100 -> 0.619 | E26: 0.619 | F26: ='[1]Base de datos'!F26/100 -> 0.665 | G26: ='[1]Base de datos'!G26/100 -> 0.484 | I26: 0.612 | J26: ='[1]Base de datos'!H26/100 -> 0.48 | K26: ='[1]Base de datos'!I26/100 -> 0.564 | L26: 0.564 | M26: ='[1]Base de datos'!K26/100 -> 0.612 | N26: ='[1]Base de datos'!L26/100 -> 0.38 | O26: INEI (2017b) | P26: 0.479 | Q26: 0.383 | R26: INEI (2009) | W26: 0.48 | X26: 0.38 | Y26: INEI (2011) | AC26: 0.69
A27: 2009 | B27: ='[1]Base de datos'!B27/100 -> 0.625 | C27: ='[1]Base de datos'!C27/100 -> 0.00625 | D27: ='[1]Base de datos'!D27/100 -> 0.61 | E27: 0.61 | F27: ='[1]Base de datos'!F27/100 -> 0.645 | G27: ='[1]Base de datos'!G27/100 -> 0.479 | I27: 0.58 | J27: ='[1]Base de datos'!H27/100 -> 0.47 | K27: ='[1]Base de datos'!I27/100 -> 0.56 | L27: 0.56 | M27: ='[1]Base de datos'!K27/100 -> 0.606 | N27: ='[1]Base de datos'!L27/100 -> 0.39 | O27: INEI (2017b) | W27: 0.48 | X27: 0.39 | Y27: INEI (2011) | AC27: 0.682
A28: 2010 | B28: ='[1]Base de datos'!B28/100 -> 0.604 | C28: ='[1]Base de datos'!C28/100 -> 0.00604 | D28: ='[1]Base de datos'!D28/100 -> 0.588 | E28: 0.588 | F28: ='[1]Base de datos'!F28/100 -> 0.652 | G28: ='[1]Base de datos'!G28/100 -> 0.463 | I28: 0.567 | J28: ='[1]Base de datos'!H28/100 -> 0.46 | K28: ='[1]Base de datos'!I28/100 -> 0.535 | L28: 0.535 | M28: ='[1]Base de datos'!K28/100 -> 0.609 | N28: ='[1]Base de datos'!L28/100 -> 0.37 | O28: INEI (2017b) | W28: 0.46 | X28: 0.37 | Y28: INEI (2011) | AC28: 0.687
A29: 2011 | F29: ='[1]Base de datos'!F29/100 -> 0.666 | G29: ='[1]Base de datos'!G29/100 -> 0.455 | I29: 0.546 | J29: ='[1]Base de datos'!H29/100 -> 0.45 | M29: ='[1]Base de datos'!K29/100 -> 0.608 | N29: ='[1]Base de datos'!L29/100 -> 0.36 | O29: INEI (2017b) | AC29: 0.692
A30: 2012 | F30: ='[1]Base de datos'!F30/100 -> 0.658 | G30: ='[1]Base de datos'!G30/100 -> 0.45 | I30: 0.533 | J30: ='[1]Base de datos'!H30/100 -> 0.45 | M30: ='[1]Base de datos'!K30/100 -> 0.61 | N30: ='[1]Base de datos'!L30/100 -> 0.36 | O30: INEI (2017b) | AC30: 0.681
A31: 2013 | F31: ='[1]Base de datos'!F31/100 -> 0.663 | G31: ='[1]Base de datos'!G31/100 -> 0.447 | I31: 0.521 | J31: ='[1]Base de datos'!H31/100 -> 0.44 | M31: ='[1]Base de datos'!K31/100 -> 0.615 | N31: ='[1]Base de datos'!L31/100 -> 0.35 | O31: INEI (2017b) | AC31: 0.678
A32: 2014 | F32: ='[1]Base de datos'!F32/100 -> 0.662 | G32: ='[1]Base de datos'!G32/100 -> 0.443 | I32: 0.507 | J32: ='[1]Base de datos'!H32/100 -> 0.44 | M32: ='[1]Base de datos'!K32/100 -> 0.622 | N32: ='[1]Base de datos'!L32/100 -> 0.35 | O32: INEI (2017b) | AC32: 0.662
A33: 2015 | F33: ='[1]Base de datos'!F33/100 -> 0.667 | J33: ='[1]Base de datos'!H33/100 -> 0.44 | M33: ='[1]Base de datos'!K33/100 -> 0.627 | N33: ='[1]Base de datos'!L33/100 -> 0.35 | O33: INEI (2017b) | AC33: 0.659
A34: 2016 | J34: ='[1]Base de datos'!H34/100 -> 0.44 | N34: ='[1]Base de datos'!L34/100 -> 0.34 | O34: INEI (2017b)
O39: 2001
O40: 2008
O41: 2011a
O42: 2014
O43: 2015

Sheet Insumo gráf. 7
B1: Colombia | C1: México | D1: Perú | F1: Chile | G1: Colombia | H1: México | I1: Perú
A2: 2010 | B2: 79.5 | C2: 78 | D2: 75.2 | E2: 2010 | F2: =+#REF!/100 -> #REF! | G2: =+B2/100 -> 0.795 | H2: =+C2/100 -> 0.78 | I2: =+D2/100 -> 0.752
A3: 2011 | B3: 79.2 | C3: 72.5 | D3: 72.5 | E3: 2011 | F3: =+#REF!/100 -> #REF! | G3: =+B3/100 -> 0.792 | H3: =+C3/100 -> 0.725 | I3: =+D3/100 -> 0.725
A4: 2012 | B4: 78.8 | C4: 78 | D4: 77.4 | E4: 2012 | F4: =+#REF!/100 -> #REF! | G4: =+B4/100 -> 0.788 | H4: =+C4/100 -> 0.78 | I4: =+D4/100 -> 0.774
A5: 2013 | B5: 79.7 | C5: 78 | D5: 70.8 | E5: 2013 | F5: =+#REF!/100 -> #REF! | G5: =+B5/100 -> 0.797 | H5: =+C5/100 -> 0.78 | I5: =+D5/100 -> 0.708
A6: 2014 | B6: 76.8 | C6: 75.9 | D6: 81.7 | E6: 2014 | F6: =+#REF!/100 -> #REF! | G6: =+B6/100 -> 0.768 | H6: =+C6/100 -> 0.759 | I6: =+D6/100 -> 0.817
A7: 2015 | B7: 76.9 | C7: 75.9 | D7: 80.3 | E7: 2015 | F7: =+#REF!/100 -> #REF! | G7: =+B7/100 -> 0.769 | H7: =+C7/100 -> 0.759 | I7: =+D7/100 -> 0.803
A8: 2016 | B8: 76.2 | C8: 77.9 | D8: 80.7 | E8: 2016 | F8: =+#REF!/100 -> #REF! | G8: =+B8/100 -> 0.762 | H8: =+C8/100 -> 0.779 | I8: =+D8/100 -> 0.807
A9: 2017 | B9: 74.2 | C9: 73.2 | D9: 77.8 | E9: 2017 | F9: =+#REF!/100 -> #REF! | G9: =+B9/100 -> 0.742 | H9: =+C9/100 -> 0.732 | I9: =+D9/100 -> 0.778
B14: 2010 | C14: =+B14+1 -> 2011 | D14: =+C14+1 -> 2012 | E14: =+D14+1 -> 2013 | F14: =+E14+1 -> 2014 | G14: =+F14+1 -> 2015 | H14: =+G14+1 -> 2016 | I14: Promedio
A15: Alemania | B15: =+[8]Gini!E17/100 -> 0.75 | C15: =+[8]Gini!H59/100 -> 0.777 | D15: =+[8]Gini!K61/100 -> 0.771 | E15: =+[8]Gini!N60/100 -> 0.771 | F15: =+[8]Gini!Q60/100 -> 0.775 | G15: =+[8]Gini!T60/100 -> 0.789 | H15: =+[8]Gini!W59/100 -> 0.791 | I15: =+AVERAGE(B15:H15) -> 0.77485714 | J15: =+(#REF!+B15+C15+D15+E15+F15+G15+H15)/8 -> #REF! | K15: =+I15-J15 -> #REF!
A16: Argentina | B16: =+[8]Gini!E90/100 -> 0.675 | C16: =+[8]Gini!H4/100 -> 0.782 | D16: =+[8]Gini!K6/100 -> 0.796 | E16: =+[8]Gini!N6/100 -> 0.809 | F16: =+[8]Gini!Q6/100 -> 0.818 | G16: =+[8]Gini!T6/100 -> 0.787 | H16: =+[8]Gini!W6/100 -> 0.723 | I16: =+AVERAGE(B16:H16) -> 0.77 | J16: =+(#REF!+B16+C16+D16+E16+F16+G16+H16)/8 -> #REF! | K16: =+I16-J16 -> #REF!
A17: Brasil | B17: =+[8]Gini!E95/100 -> 0.756 | C17: =+[8]Gini!H20/100 -> 0.812 | D17: =+[8]Gini!K22/100 -> 0.821 | E17: =+[8]Gini!N22/100 -> 0.823 | F17: =+[8]Gini!Q22/100 -> 0.83 | G17: =+[8]Gini!T22/100 -> 0.829 | H17: =+[8]Gini!W22/100 -> 0.832 | I17: =+AVERAGE(B17:H17) -> 0.81471429 | J17: =+(#REF!+B17+C17+D17+E17+F17+G17+H17)/8 -> #REF! | K17: =+I17-J17 -> #REF!
A18: Chile | B18: 0.782 | C18: 0.774 | D18: 0.814 | E18: 0.789 | F18: 0.795 | G18: 0.805 | H18: 0.786 | I18: =+AVERAGE(B18:H18) -> 0.79214286 | J18: =+(#REF!+B18+C18+D18+E18+F18+G18+H18)/8 -> #REF! | K18: =+I18-J18 -> #REF!
A19: Colombia | B19: 0.792 | C19: 0.788 | D19: 0.797 | E19: 0.768 | F19: 0.769 | G19: 0.762 | H19: 0.742 | I19: =+AVERAGE(B19:H19) -> 0.774 | J19: =+(#REF!+B19+C19+D19+E19+F19+G19+H19)/8 -> #REF! | K19: =+I19-J19 -> #REF!
A20: España | B20: =+[8]Gini!E39/100 -> 0.634 | C20: =+[8]Gini!H136/100 -> 0.662 | D20: =+[8]Gini!K143/100 -> 0.661 | E20: =+[8]Gini!N142/100 -> 0.671 | F20: =+[8]Gini!Q142/100 -> 0.671 | G20: =+[8]Gini!T142/100 -> 0.68 | H20: =+[8]Gini!W141/100 -> 0.657 | I20: =+AVERAGE(B20:H20) -> 0.66228571 | J20: =+(#REF!+B20+C20+D20+E20+F20+G20+H20)/8 -> #REF! | K20: =+I20-J20 -> #REF!
A21: Francia | B21: =+[8]Gini!E16/100 -> 0.754 | C21: =+[8]Gini!H55/100 -> 0.755 | D21: =+[8]Gini!K57/100 -> 0.69 | E21: =+[8]Gini!N56/100 -> 0.697 | F21: =+[8]Gini!Q56/100 -> 0.703 | G21: =+[8]Gini!T56/100 -> 0.72 | H21: =+[8]Gini!W55/100 -> 0.702 | I21: =+AVERAGE(B21:H21) -> 0.71728571 | J21: =+(#REF!+B21+C21+D21+E21+F21+G21+H21)/8 -> #REF! | K21: =+I21-J21 -> #REF!
A22: México | B22: 0.725 | C22: 0.78 | D22: 0.78 | E22: 0.759 | F22: 0.759 | G22: 0.779 | H22: 0.732 | I22: =+AVERAGE(B22:H22) -> 0.75914286 | J22: =+(#REF!+B22+C22+D22+E22+F22+G22+H22)/8 -> #REF! | K22: =+I22-J22 -> #REF!
A23: Perú | B23: 0.752 | C23: 0.725 | D23: 0.774 | E23: 0.708 | F23: 0.817 | G23: 0.803 | H23: 0.807 | I23: =+AVERAGE(B23:H23) -> 0.76942857 | J23: =+(#REF!+B23+C23+D23+E23+F23+G23+H23)/8 -> #REF! | K23: =+I23-J23 -> #REF!
A24: Reino Unido | B24: =+[8]Gini!E43/100 -> 0.67 | C24: =+[8]Gini!H158/100 -> 0.675 | D24: =+[8]Gini!K166/100 -> 0.677 | E24: =+[8]Gini!N166/100 -> 0.682 | F24: =+[8]Gini!Q166/100 -> 0.678 | G24: =+[8]Gini!T166/100 -> 0.732 | H24: =+[8]Gini!W164/100 -> 0.735 | I24: =+AVERAGE(B24:H24) -> 0.69271429 | J24: =+(#REF!+B24+C24+D24+E24+F24+G24+H24)/8 -> #REF! | K24: =+I24-J24 -> #REF!
A25: EE.UU. | B25: =+[8]Gini!E3/100 -> 0.824 | C25: =+[8]Gini!H159/100 -> 0.852 | D25: =+[8]Gini!K167/100 -> 0.851 | E25: =+[8]Gini!N167/100 -> 0.846 | F25: =+[8]Gini!Q167/100 -> 0.85 | G25: =+[8]Gini!T167/100 -> 0.862 | H25: =+[8]Gini!W165/100 -> 0.859 | I25: =+AVERAGE(B25:H25) -> 0.84914286 | J25: =+(#REF!+B25+C25+D25+E25+F25+G25+H25)/8 -> #REF! | K25: =+I25-J25 -> #REF!
A26: Promedio | B26: =+AVERAGE(B15:B25) -> 0.73763636 | C26: =+AVERAGE(C15:C25) -> 0.762 | D26: =+AVERAGE(D15:D25) -> 0.76654545 | E26: =+AVERAGE(E15:E25) -> 0.75663636 | F26: =+AVERAGE(F15:F25) -> 0.76954545 | G26: =+AVERAGE(G15:G25) -> 0.77709091 | H26: =+AVERAGE(H15:H25) -> 0.76054545 | I26: =+AVERAGE(B26:H26) -> 0.76142857 | J26: =+(#REF!+B26+C26+D26+E26+F26+G26+H26)/8 -> #REF! | K26: =+I26-J26 -> #REF!
B27: =+(B15+B16+B17+B18+B19+B20+B21+B22+B23+B24+B25)/11 -> 0.73763636 | C27: =+(C15+C16+C17+C18+C19+C20+C21+C22+C23+C24+C25)/11 -> 0.762 | D27: =+(D15+D16+D17+D18+D19+D20+D21+D22+D23+D24+D25)/11 -> 0.76654545 | E27: =+(E15+E16+E17+E18+E19+E20+E21+E22+E23+E24+E25)/11 -> 0.75663636 | F27: =+(F15+F16+F17+F18+F19+F20+F21+F22+F23+F24+F25)/11 -> 0.76954545 | G27: =+(G15+G16+G17+G18+G19+G20+G21+G22+G23+G24+G25)/11 -> 0.77709091 | H27: =+(H15+H16+H17+H18+H19+H20+H21+H22+H23+H24+H25)/11 -> 0.76054545 | I27: =+(I15+I16+I17+I18+I19+I20+I21+I22+I23+I24+I25)/11 -> 0.76142857
B28: =+B26-B27 -> 0 | C28: =+C26-C27 -> 0 | D28: =+D26-D27 -> 0 | E28: =+E26-E27 -> 0 | F28: =+F26-F27 -> 0 | G28: =+G26-G27 -> 0 | H28: =+H26-H27 -> 0 | I28: =+I26-I27 -> 0
A31: Perú Allianz | G31: 0.69 | H31: 0.7

Sheet Insumo gráf. 8
A1: Año | B1: Gini personas | C1: Gini entidades con fines de lucro
A2: 1950 | B2: ='[9]SBS (1950)'!I9 -> 0.74412596
A3: 1960 | B3: ='[9]SBS (1960)'!I9 -> 0.78214947
A4: 1970 | B4: ='[9]SBS (1970)'!I9 -> 0.83337067
A5: 1980 | B5: ='[9]SBS (1980)'!J19 -> 0.90806635
A6: 1990 | B6: ='[9]SBS (1990_B)'!J15 -> 0.51845583
A7: 1998 | B7: ='[9]SBS (1998_12)'!J80 -> 0.80579517 | C7: ='[9]SBS (1998_12)'!U80 -> 0.95640964
A8: 1999 | B8: ='[9]SBS (1999_12)'!R81 -> 0.81581746 | C8: ='[9]SBS (1999_12)'!W81 -> 0.95592457
A9: 2000 | B9: ='[9]SBS (2000_12)'!R80 -> 0.81024418 | C9: ='[9]SBS (2000_12)'!W80 -> 0.94966676
A10: 2001 | B10: ='[9]SBS (2001_12)'!Y90 -> 0.80185644 | C10: ='[9]SBS (2001_12)'!AD90 -> 0.9598861
A11: 2002 | B11: ='[9]SBS (2002_12)'!Y90 -> 0.81237514 | C11: ='[9]SBS (2002_12)'!AD90 -> 0.96324148
A12: 2003 | B12: ='[9]SBS (2003_12)'!Y90 -> 0.81070439 | C12: ='[9]SBS (2003_12)'!AE90 -> 0.96464605
A13: 2004 | B13: ='[9]SBS (2004_12)'!Y90 -> 0.80115306 | C13: ='[9]SBS (2004_12)'!AE90 -> 0.962346
A14: 2005 | B14: ='[9]SBS (2005_12)'!Y90 -> 0.8359568 | C14: ='[9]SBS (2005_12)'!AE90 -> 0.96719538
A15: 2006 | B15: ='[9]SBS (2006_12)'!Y90 -> 0.82223665 | C15: ='[9]SBS (2006_12)'!AF90 -> 0.9710385
A16: 2007 | B16: ='[9]SBS (2007_12)'!Y90 -> 0.81791338 | C16: ='[9]SBS (2007_12)'!AE90 -> 0.97765575
A17: 2008 | B17: ='[9]SBS (2008_12)'!Y90 -> 0.8348993 | C17: ='[9]SBS (2008_12)'!AF90 -> 0.97449298
A18: 2009 | B18: ='[9]SBS (2009_12)'!Z90 -> 0.82904863 | C18: ='[9]SBS (2009_12)'!AG90 -> 0.97469021
A19: 2010 | B19: ='[9]SBS (2010_12)'!Y91 -> 0.81824489 | C19: ='[9]SBS (2010_12)'!AF91 -> 0.97410577
A20: 2011 | B20: ='[9]SBS (2011_12)'!Y91 -> 0.81261014 | C20: ='[9]SBS (2011_12)'!AF91 -> 0.97240354
A21: 2012 | B21: ='[9]SBS (2012_12)'!Y91 -> 0.8153057 | C21: ='[9]SBS (2012_12)'!AF91 -> 0.97360694
A22: 2013 | B22: ='[9]SBS (2013_12)'!Y91 -> 0.82674843 | C22: ='[9]SBS (2013_12)'!AF91 -> 0.97351732
A23: 2014 | B23: ='[9]SBS (2014_12)'!Y91 -> 0.83089534 | C23: ='[9]SBS (2014_12)'!AF91 -> 0.97241494
A24: 2015 | B24: ='[9]SBS (2015_12)'!Y91 -> 0.84585531 | C24: ='[9]SBS (2015_12)'!AF91 -> 0.97407476
A25: 2016 | B25: ='[9]SBS (2016_12)'!Z91 -> 0.84428413 | C25: ='[9]SBS (2016_12)'!AG91 -> 0.97388794
A26: 2017 | B26: ='[9]SBS (2017_12)'!Z91 -> 0.84956242 | C26: ='[9]SBS (2017_12)'!AG91 -> 0.97526346
A27: 2018 | B27: ='[9]SBS (2018_01)'!AF92 -> 0.85570063 | C27: ='[9]SBS (2018_01)'!AM92 -> 0.97509826

Sheet Insumo gráf. 9
A1: Table 1.12. National Income by Type of Income
A2: [Billions of dollars]
A3: Bureau of Economic Analysis
A4: Last Revised on: March 28, 2018 - Next Release Date April 27, 2018
A6: Line | C6: 1950 | D6: 1951 | E6: 1952 | F6: 1953 | G6: 1954 | H6: 1955 | I6: 1956 | J6: 1957 | K6: 1958 | L6: 1959 | M6: 1960 | N6: 1961 | O6: 1962 | P6: 1963 | Q6: 1964 | R6: 1965 | S6: 1966 | T6: 1967 | U6: 1968 | V6: 1969 | W6: 1970 | X6: 1971 | Y6: 1972 | Z6: 1973 | AA6: 1974 | AB6: 1975 | AC6: 1976 | AD6: 1977 | AE6: 1978 | AF6: 1979 | AG6: 1980 | AH6: 1981 | AI6: 1982 | AJ6: 1983 | AK6: 1984 | AL6: 1985 | AM6: 1986 | AN6: 1987 | AO6: 1988 | AP6: 1989 | AQ6: 1990 | AR6: 1991 | AS6: 1992 | AT6: 1993 | AU6: 1994 | AV6: 1995 | AW6: 1996 | AX6: 1997 | AY6: 1998 | AZ6: 1999 | BA6: 2000 | BB6: 2001 | BC6: 2002 | BD6: 2003 | BE6: 2004 | BF6: 2005 | BG6: 2006 | BH6: 2007 | BI6: 2008 | BJ6: 2009 | BK6: 2010 | BL6: 2011 | BM6: 2012 | BN6: 2013 | BO6: 2014 | BP6: 2015 | BQ6: 2016 | BR6: 2017
A7: 1 | B7: National income | C7: 267 | D7: 308 | E7: 326.5 | F7: 344.4 | G7: 344.4 | H7: 377.6 | I7: 400.9 | J7: 419.4 | K7: 421.6 | L7: 459.6 | M7: 479.9 | N7: 497.2 | O7: 535.2 | P7: 566.6 | Q7: 608.3 | R7: 660.3 | S7: 719.7 | T7: 760.2 | U7: 832.1 | V7: 899.5 | W7: 940.1 | X7: 1017 | Y7: 1123 | Z7: 1257 | AA7: 1350.8 | AB7: 1451.1 | AC7: 1614.8 | AD7: 1798.7 | AE7: 2029.9 | AF7: 2248.2 | AG7: 2426.8 | AH7: 2722.1 | AI7: 2840.4 | AJ7: 3060.5 | AK7: 3444 | AL7: 3684.2 | AM7: 3848.2 | AN7: 4119.2 | AO7: 4493.4 | AP7: 4782.2 | AQ7: 5036.1 | AR7: 5186.1 | AS7: 5499.7 | AT7: 5754.8 | AU7: 6140.2 | AV7: 6479.5 | AW7: 6899.4 | AX7: 7380.4 | AY7: 7857.3 | AZ7: 8324.4 | BA7: 8907 | BB7: 9184.6 | BC7: 9436.8 | BD7: 9864.2 | BE7: 10540.9 | BF7: 11239.8 | BG7: 12004.8 | BH7: 12321.4 | BI7: 12427.8 | BJ7: 12126.1 | BK7: 12739.5 | BL7: 13352.3 | BM7: 14061.9 | BN7: 14444.8 | BO7: 15144 | BP7: 15739.6 | BQ7: 16052 | BR7: 16607.7
A8: 2 | B8: Compensation of employees | C8: 158.5 | D8: 185.9 | E8: 201.3 | F8: 215.5 | G8: 214.4 | H8: 230.9 | I8: 249.6 | J8: 263 | K8: 265.1 | L8: 286.3 | M8: 301.9 | N8: 311.1 | O8: 332.9 | P8: 351.2 | Q8: 376.8 | R8: 406.3 | S8: 450.3 | T8: 482.9 | U8: 532.1 | V8: 586 | W8: 625.1 | X8: 667 | Y8: 733.6 | Z8: 815 | AA8: 890.3 | AB8: 950.2 | AC8: 1051.2 | AD8: 1169 | AE8: 1320.2 | AF8: 1481 | AG8: 1626.2 | AH8: 1795.3 | AI8: 1894.3 | AJ8: 2013.9 | AK8: 2217.4 | AL8: 2389 | AM8: 2543.8 | AN8: 2724.3 | AO8: 2950 | AP8: 3142.6 | AQ8: 3342.7 | AR8: 3452 | AS8: 3671.1 | AT8: 3820.7 | AU8: 4010.1 | AV8: 4202.6 | AW8: 4422.1 | AX8: 4714.7 | AY8: 5077.8 | AZ8: 5410.3 | BA8: 5856.6 | BB8: 6046.5 | BC8: 6141.9 | BD8: 6364.5 | BE8: 6739.5 | BF8: 7086.8 | BG8: 7502.3 | BH8: 7898.3 | BI8: 8078.3 | BJ8: 7787 | BK8: 7961.4 | BL8: 8269 | BM8: 8609.9 | BN8: 8842.4 | BO8: 9256.5 | BP8: 9708.3 | BQ8: 9978.6 | BR8: 10307.2
A9: 3 | B9: Wages and salaries | C9: 147.3 | D9: 171.6 | E9: 185.6 | F9: 199 | G9: 197.3 | H9: 212.2 | I9: 229 | J9: 240 | K9: 241.3 | L9: 259.8 | M9: 272.9 | N9: 280.5 | O9: 299.4 | P9: 314.9 | Q9: 337.8 | R9: 363.8 | S9: 400.3 | T9: 429 | U9: 472 | V9: 518.3 | W9: 551.6 | X9: 584.5 | Y9: 638.8 | Z9: 708.8 | AA9: 772.3 | AB9: 814.8 | AC9: 899.7 | AD9: 994.2 | AE9: 1120.6 | AF9: 1253.3 | AG9: 1373.4 | AH9: 1511.4 | AI9: 1587.5 | AJ9: 1677.5 | AK9: 1844.9 | AL9: 1982.6 | AM9: 2102.3 | AN9: 2256.3 | AO9: 2439.8 | AP9: 2583.1 | AQ9: 2741.2 | AR9: 2814.5 | AS9: 2965.5 | AT9: 3079.3 | AU9: 3236.6 | AV9: 3418 | AW9: 3616.5 | AX9: 3876.8 | AY9: 4181.6 | AZ9: 4458 | BA9: 4825.9 | BB9: 4954.4 | BC9: 4996.4 | BD9: 5137.8 | BE9: 5421.9 | BF9: 5692 | BG9: 6057.4 | BH9: 6395.2 | BI9: 6531.9 | BJ9: 6251.4 | BK9: 6377.5 | BL9: 6633.2 | BM9: 6930.3 | BN9: 7116.7 | BO9: 7476.8 | BP9: 7858.9 | BQ9: 8085.2 | BR9: 8351.2
A10: 4 | B10: Government | C10: 22.6 | D10: 29.2 | E10: 33.4 | F10: 34.3 | G10: 34.9 | H10: 36.6 | I10: 38.8 | J10: 41 | K10: 44.1 | L10: 46.1 | M10: 49.2 | N10: 52.5 | O10: 56.3 | P10: 60 | Q10: 64.9 | R10: 69.9 | S10: 78.4 | T10: 86.5 | U10: 96.7 | V10: 105.6 | W10: 117.2 | X10: 126.8 | Y10: 137.9 | Z10: 148.8 | AA10: 160.5 | AB10: 176.2 | AC10: 188.9 | AD10: 202.6 | AE10: 220 | AF10: 237.1 | AG10: 261.5 | AH10: 285.8 | AI10: 307.5 | AJ10: 324.8 | AK10: 348.1 | AL10: 373.9 | AM10: 397.2 | AN10: 423.1 | AO10: 452 | AP10: 481.1 | AQ10: 519 | AR10: 548.8 | AS10: 572 | AT10: 589 | AU10: 609.5 | AV10: 629 | AW10: 648.1 | AX10: 671.9 | AY10: 701.3 | AZ10: 733.8 | BA10: 779.8 | BB10: 822 | BC10: 873.2 | BD10: 913.3 | BE10: 952.7 | BF10: 991.5 | BG10: 1035 | BH10: 1088.8 | BI10: 1144.1 | BJ10: 1175.1 | BK10: 1191.1 | BL10: 1194.8 | BM10: 1198.2 | BN10: 1208 | BO10: 1236.9 | BP10: 1275.6 | BQ10: 1307.5 | BR10: 1341.2
A11: 5 | B11: Other | C11: 124.6 | D11: 142.4 | E11: 152.3 | F11: 164.7 | G11: 162.4 | H11: 175.6 | I11: 190.2 | J11: 198.9 | K11: 197.2 | L11: 213.8 | M11: 223.7 | N11: 228 | O11: 243 | P11: 254.8 | Q11: 272.9 | R11: 293.8 | S11: 321.9 | T11: 342.5 | U11: 375.3 | V11: 412.7 | W11: 434.3 | X11: 457.8 | Y11: 500.9 | Z11: 560 | AA11: 611.8 | AB11: 638.6 | AC11: 710.8 | AD11: 791.6 | AE11: 900.6 | AF11: 1016.2 | AG11: 1112 | AH11: 1225.5 | AI11: 1280 | AJ11: 1352.7 | AK11: 1496.8 | AL11: 1608.7 | AM11: 1705.1 | AN11: 1833.2 | AO11: 1987.7 | AP11: 2101.9 | AQ11: 2222.2 | AR11: 2265.7 | AS11: 2393.5 | AT11: 2490.3 | AU11: 2627.1 | AV11: 2789 | AW11: 2968.4 | AX11: 3205 | AY11: 3480.3 | AZ11: 3724.2 | BA11: 4046.1 | BB11: 4132.4 | BC11: 4123.3 | BD11: 4224.5 | BE11: 4469.3 | BF11: 4700.4 | BG11: 5022.4 | BH11: 5306.3 | BI11: 5387.8 | BJ11: 5076.3 | BK11: 5186.4 | BL11: 5438.4 | BM11: 5732 | BN11: 5908.7 | BO11: 6239.9 | BP11: 6583.3 | BQ11: 6777.8 | BR11: 7010
A12: 6 | B12: Supplements to wages and salaries | C12: 11.2 | D12: 14.3 | E12: 15.7 | F12: 16.5 | G12: 17.2 | H12: 18.7 | I12: 20.6 | J12: 23 | K12: 23.8 | L12: 26.5 | M12: 29 | N12: 30.6 | O12: 33.6 | P12: 36.3 | Q12: 39 | R12: 42.6 | S12: 50 | T12: 53.9 | U12: 60.1 | V12: 67.7 | W12: 73.6 | X12: 82.5 | Y12: 94.9 | Z12: 106.3 | AA12: 118 | AB12: 135.3 | AC12: 151.5 | AD12: 174.8 | AE12: 199.7 | AF12: 227.7 | AG12: 252.8 | AH12: 283.9 | AI12: 306.8 | AJ12: 336.4 | AK12: 372.5 | AL12: 406.4 | AM12: 441.5 | AN12: 468 | AO12: 510.3 | AP12: 559.5 | AQ12: 601.5 | AR12: 637.5 | AS12: 705.6 | AT12: 741.3 | AU12: 773.5 | AV12: 784.6 | AW12: 805.6 | AX12: 837.8 | AY12: 896.2 | AZ12: 952.3 | BA12: 1030.7 | BB12: 1092.1 | BC12: 1145.5 | BD12: 1226.6 | BE12: 1317.6 | BF12: 1394.8 | BG12: 1444.9 | BH12: 1503.1 | BI12: 1546.4 | BJ12: 1535.6 | BK12: 1583.9 | BL12: 1635.9 | BM12: 1679.6 | BN12: 1725.8 | BO12: 1779.7 | BP12: 1849.4 | BQ12: 1893.4 | BR12: 1955.9
A13: 7 | B13: Employer contributions for employee pension and insurance funds1 | C13: 7.8 | D13: 10.2 | E13: 11.6 | F13: 12.3 | G13: 12.6 | H13: 13.6 | I13: 14.9 | J13: 16.7 | K13: 17.5 | L13: 18.6 | M13: 19.7 | N13: 21 | O13: 22.4 | P13: 23.9 | Q13: 26.4 | R13: 29.5 | S13: 33.1 | T13: 35.9 | U13: 40.2 | V13: 44.9 | W13: 49.7 | X13: 56 | Y13: 63.7 | Z13: 66.5 | AA13: 73.3 | AB13: 88.6 | AC13: 97.1 | AD13: 113.7 | AE13: 128.1 | AF13: 145.1 | AG13: 163.9 | AH13: 180.3 | AI13: 197 | AJ13: 216.5 | AK13: 233.5 | AL13: 258.7 | AM13: 283.6 | AN13: 301.8 | AO13: 325.6 | AP13: 365.8 | AQ13: 395 | AR13: 422.4 | AS13: 477.2 | AT13: 501.7 | AU13: 519.4 | AV13: 520.5 | AW13: 530.8 | AX13: 548.3 | AY13: 589 | AZ13: 629 | BA13: 685.5 | BB13: 734.1 | BC13: 779.5 | BD13: 844.1 | BE13: 908.9 | BF13: 966.8 | BG13: 997.6 | BH13: 1041.4 | BI13: 1075.1 | BJ13: 1077.5 | BK13: 1114.6 | BL13: 1142 | BM13: 1165.3 | BN13: 1199 | BO13: 1231.7 | BP13: 1278 | BQ13: 1309.8 | BR13: 1345.8
A14: 8 | B14: Employer contributions for government social insurance | C14: 3.4 | D14: 4.1 | E14: 4.1 | F14: 4.2 | G14: 4.6 | H14: 5.2 | I14: 5.7 | J14: 6.4 | K14: 6.3 | L14: 7.9 | M14: 9.3 | N14: 9.6 | O14: 11.2 | P14: 12.4 | Q14: 12.6 | R14: 13.1 | S14: 16.8 | T14: 18 | U14: 20 | V14: 22.8 | W14: 23.8 | X14: 26.4 | Y14: 31.2 | Z14: 39.8 | AA14: 44.7 | AB14: 46.7 | AC14: 54.4 | AD14: 61.1 | AE14: 71.5 | AF14: 82.6 | AG14: 88.9 | AH14: 103.6 | AI14: 109.8 | AJ14: 119.9 | AK14: 139 | AL14: 147.7 | AM14: 157.9 | AN14: 166.3 | AO14: 184.6 | AP14: 193.7 | AQ14: 206.5 | AR14: 215.1 | AS14: 228.4 | AT14: 239.7 | AU14: 254.1 | AV14: 264.1 | AW14: 274.8 | AX14: 289.6 | AY14: 307.2 | AZ14: 323.3 | BA14: 345.2 | BB14: 358 | BC14: 366 | BD14: 382.5 | BE14: 408.7 | BF14: 428.1 | BG14: 447.4 | BH14: 461.7 | BI14: 471.3 | BJ14: 458.1 | BK14: 469.4 | BL14: 493.9 | BM14: 514.3 | BN14: 526.8 | BO14: 548 | BP14: 571.4 | BQ14: 583.6 | BR14: 610.2
A15: 9 | B15: Proprietors' income with IVA and CCAdj | C15: 37.5 | D15: 42.6 | E15: 43 | F15: 42 | G15: 42.3 | H15: 44.3 | I15: 45.8 | J15: 47.8 | K15: 50.2 | L15: 50.3 | M15: 50.6 | N15: 53.2 | O15: 55.2 | P15: 56.4 | Q15: 59.1 | R15: 63.7 | S15: 67.9 | T15: 69.5 | U15: 73.8 | V15: 77 | W15: 77.8 | X15: 83.9 | Y15: 95.1 | Z15: 112.5 | AA15: 112.2 | AB15: 118.2 | AC15: 131 | AD15: 144.5 | AE15: 166 | AF15: 179.4 | AG15: 171.6 | AH15: 179.7 | AI15: 171.2 | AJ15: 186.3 | AK15: 228.2 | AL15: 241.1 | AM15: 256.5 | AN15: 286.5 | AO15: 325.8 | AP15: 341.9 | AQ15: 354.4 | AR15: 356 | AS15: 402.4 | AT15: 430.5 | AU15: 459.5 | AV15: 484.5 | AW15: 547.4 | AX15: 587.9 | AY15: 644.2 | AZ15: 700.4 | BA15: 757.8 | BB15: 836.8 | BC15: 871 | BD15: 900.1 | BE15: 962.1 | BF15: 979 | BG15: 1053.7 | BH15: 979.2 | BI15: 1026.5 | BJ15: 973 | BK15: 1032.7 | BL15: 1143.7 | BM15: 1241.4 | BN15: 1284.7 | BO15: 1315.8 | BP15: 1318.8 | BQ15: 1341.9 | BR15: 1386
A16: 10 | B16: Farm | C16: 12.9 | D16: 15.3 | E16: 14.3 | F16: 12.2 | G16: 11.7 | H16: 10.7 | I16: 10.6 | J16: 10.6 | K16: 12.4 | L16: 10 | M16: 10.6 | N16: 11.2 | O16: 11.2 | P16: 11 | Q16: 9.8 | R16: 12 | S16: 13 | T16: 11.6 | U16: 11.7 | V16: 12.8 | W16: 12.9 | X16: 13.4 | Y16: 17 | Z16: 29.1 | AA16: 23.5 | AB16: 22 | AC16: 17.2 | AD16: 16 | AE16: 19.9 | AF16: 22.2 | AG16: 11.7 | AH16: 19 | AI16: 13.3 | AJ16: 6.2 | AK16: 20.9 | AL16: 21 | AM16: 22.8 | AN16: 28.9 | AO16: 26.8 | AP16: 33 | AQ16: 32.2 | AR16: 26.8 | AS16: 34.8 | AT16: 31.4 | AU16: 34.7 | AV16: 22 | AW16: 37.3 | AX16: 32.4 | AY16: 28.4 | AZ16: 28.1 | BA16: 31.5 | BB16: 32.1 | BC16: 19.9 | BD16: 38 | BE16: 50.4 | BF16: 46.4 | BG16: 36 | BH16: 38.1 | BI16: 47 | BJ16: 35.5 | BK16: 46 | BL16: 75.5 | BM16: 61.6 | BN16: 87.8 | BO16: 68.1 | BP16: 53.7 | BQ16: 43.2 | BR16: 35.1
A17: 11 | B17: Nonfarm | C17: 24.6 | D17: 27.3 | E17: 28.7 | F17: 29.8 | G17: 30.5 | H17: 33.6 | I17: 35.2 | J17: 37.2 | K17: 37.7 | L17: 40.3 | M17: 39.9 | N17: 42 | O17: 44 | P17: 45.4 | Q17: 49.4 | R17: 51.6 | S17: 54.9 | T17: 57.8 | U17: 62.2 | V17: 64.2 | W17: 64.9 | X17: 70.5 | Y17: 78.1 | Z17: 83.4 | AA17: 88.7 | AB17: 96.2 | AC17: 113.8 | AD17: 128.5 | AE17: 146.1 | AF17: 157.3 | AG17: 159.9 | AH17: 160.7 | AI17: 157.9 | AJ17: 180.1 | AK17: 207.3 | AL17: 220.1 | AM17: 233.7 | AN17: 257.6 | AO17: 299.1 | AP17: 308.9 | AQ17: 322.3 | AR17: 329.2 | AS17: 367.6 | AT17: 399.2 | AU17: 424.8 | AV17: 462.4 | AW17: 510.1 | AX17: 555.5 | AY17: 615.7 | AZ17: 672.3 | BA17: 726.3 | BB17: 804.7 | BC17: 851.1 | BD17: 862 | BE17: 911.6 | BF17: 932.6 | BG17: 1017.7 | BH17: 941.1 | BI17: 979.5 | BJ17: 937.5 | BK17: 986.7 | BL17: 1068.1 | BM17: 1179.8 | BN17: 1197 | BO17: 1247.7 | BP17: 1265.1 | BQ17: 1298.7 | BR17: 1350.9
A18: 12 | B18: Rental income of persons with CCAdj | C18: 8.8 | D18: 9.7 | E18: 10.8 | F18: 12 | G18: 13.1 | H18: 13.4 | I18: 13.7 | J18: 14.1 | K18: 14.8 | L18: 15.6 | M18: 16.5 | N18: 17.2 | O18: 18 | P18: 18.7 | Q18: 18.8 | R18: 19.3 | S18: 19.9 | T18: 20.3 | U18: 20.1 | V18: 20.4 | W18: 20.7 | X18: 21.9 | Y18: 22.8 | Z18: 23.3 | AA18: 23.3 | AB18: 22.5 | AC18: 20.6 | AD18: 16.2 | AE18: 16.9 | AF18: 16.6 | AG18: 19.7 | AH18: 25.4 | AI18: 26.1 | AJ18: 27.5 | AK18: 27.9 | AL18: 29.5 | AM18: 21.9 | AN18: 20.2 | AO18: 25.1 | AP18: 24.4 | AQ18: 31.4 | AR18: 42 | AS18: 64.3 | AT18: 93.6 | AU18: 117.5 | AV18: 129.2 | AW18: 147 | AX18: 152 | AY18: 169.9 | AZ18: 183.1 | BA18: 187.7 | BB18: 207.5 | BC18: 217.3 | BD18: 238 | BE18: 255.4 | BF18: 238.4 | BG18: 207.5 | BH18: 189.4 | BI18: 262.1 | BJ18: 333.7 | BK18: 402.8 | BL18: 485.3 | BM18: 525.3 | BN18: 567.1 | BO18: 611.7 | BP18: 662.5 | BQ18: 707.3 | BR18: 743.9
... A29: 23 | B29: To government (net) | C29: 0.3 | D29: 0.3 | E29: 0.3 | F29: 0.3 | G29: 0.3 | H29: 0.4 | I29: 0.4 | J29: 0.4 | K29: 0.5 | L29: 0.3 | M29: 0.4 | N29: 0.5 | O29: 0.6 | P29: 0.7 | Q29: 0.8 | R29: 1.2 | S29: 1.3 | T29: 1.4 | U29: 1.4 | V29: 1.5 | W29: 1.4 | X29: 1.5 | Y29: 1.7 | Z29: 1.8 | AA29: 2.1 | AB29: 2.2 | AC29: 2.4 | AD29: 3 | AE29: 3.9 | AF29: 4.5 | AG29: 5.4 | AH29: 5.7 | AI29: 6.9 | AJ29: 7.9 | AK29: 9.4 | AL29: 11.8 | AM29: 13 | AN29: 13.1 | AO29: 12.2 | AP29: 15.1 | AQ29: 17 | AR29: 21.3 | AS29: 23.6 | AT29: 25.6 | AU29: 27.9 | AV29: 24.9 | AW29: 30.7 | AX29: 29.8 | AY29: 34.3 | AZ29: 36.5 | BA29: 41.9 | BB29: 43.9 | BC29: 46.2 | BD29: 48.3 | BE29: 52.4 | BF29: 53.4 | BG29: 58.3 | BH29: 62 | BI29: 70.6 | BJ29: 88.5 | BK29: 87.2 | BL29: 89.2 | BM29: 72.6 | BN29: 90.8 | BO29: 102.2 | BP29: 112.4 | BQ29: 105.9 | BR29: 99.2
A30: 24 | B30: To the rest of the world (net) | C30: --- | D30: --- | E30: --- | F30: --- | G30: --- | H30: --- | I30: --- | J30: --- | K30: --- | L30: --- | M30: --- | N30: --- | O30: --- | P30: --- | Q30: --- | R30: --- | S30: --- | T30: --- | U30: --- | V30: --- | W30: --- | X30: --- | Y30: --- | Z30: --- | AA30: --- | AB30: --- | AC30: --- | AD30: --- | AE30: --- | AF30: --- | AG30: --- | AH30: --- | AI30: --- | AJ30: --- | AK30: --- | AL30: --- | AM30: --- | AN30: --- | AO30: --- | AP30: --- | AQ30: --- | AR30: --- | AS30: -0.1 | AT30: -0.3 | AU30: -0.4 | AV30: 1.4 | AW30: -1 | AX30: 0.8 | AY30: 3.8 | AZ30: -2.6 | BA30: 1 | BB30: 8.5 | BC30: 0.2 | BD30: 1.7 | BE30: 12.2 | BF30: 14.8 | BG30: 2.8 | BH30: 6 | BI30: 7.2 | BJ30: -2.3 | BK30: -1.7 | BL30: -7.9 | BM30: -10.6 | BN30: -13.5 | BO30: -9 | BP30: -0.6 | BQ30: 0.7 | BR30: 3.1
A31: 25 | B31: Current surplus of government enterprises2 | C31: 0 | D31: 0 | E31: 0 | F31: 0 | G31: 0 | H31: 0 | I31: 0 | J31: 0 | K31: 0 | L31: 0.5 | M31: 0.5 | N31: 0.3 | O31: 0.4 | P31: 0.8 | Q31: 0.8 | R31: 0.7 | S31: 0.3 | T31: 0.2 | U31: 0.3 | V31: 0 | W31: -1.2 | X31: -1.7 | Y31: -1.2 | Z31: -2.2 | AA31: -2.7 | AB31: -4.4 | AC31: -2.7 | AD31: -3.3 | AE31: -2.8 | AF31: -3.2 | AG31: -5.1 | AH31: -5.2 | AI31: -3.8 | AJ31: -2.3 | AK31: -1.4 | AL31: 1.3 | AM31: 2 | AN31: 2.2 | AO31: 5 | AP31: 6.7 | AQ31: 3.2 | AR31: 7.8 | AS31: 9.9 | AT31: 10.8 | AU31: 11.8 | AV31: 15.6 | AW31: 16.9 | AX31: 17.5 | AY31: 16.3 | AZ31: 16.2 | BA31: 10.7 | BB31: 5.2 | BC31: 7 | BD31: 3.9 | BE31: -1.8 | BF31: -6.4 | BG31: -9.3 | BH31: -16.4 | BI31: -21.2 | BJ31: -20.6 | BK31: -22.9 | BL31: -24.5 | BM31: -19.3 | BN31: -20.9 | BO31: -17.9 | BP31: -14.3 | BQ31: -10.1 | BR31: -11
B32: Addenda for corporate cash flow:
A33: 26 | B33: Net cash flow with IVA | C33: 22.6 | D33: 25.2 | E33: 27.8 | F33: 28.4 | G33: 30.9 | H33: 37.2 | I33: 38.5 | J33: 40.6 | K33: 39.8 | L33: 46.9 | M33: 47.1 | N33: 48.8 | O33: 55.9 | P33: 60.4 | Q33: 65.9 | R33: 75.2 | S33: 82.5 | T33: 84.6 | U33: 88.7 | V33: 90 | W33: 89.1 | X33: 105.2 | Y33: 121.7 | Z33: 135.6 | AA33: 136 | AB33: 168 | AC33: 195.3 | AD33: 227.2 | AE33: 262.4 | AF33: 285 | AG33: 284.7 | AH33: 334.5 | AI33: 358.4 | AJ33: 401.6 | AK33: 452.7 | AL33: 484.4 | AM33: 458.4 | AN33: 494.5 | AO33: 542.8 | AP33: 535.4 | AQ33: 557.9 | AR33: 611.8 | AS33: 622.9 | AT33: 664 | AU33: 734.3 | AV33: 818.4 | AW33: 880.8 | AX33: 954.9 | AY33: 918 | AZ33: 997.3 | BA33: 975.9 | BB33: 1079.8 | BC33: 1235.2 | BD33: 1320.2 | BE33: 1386.4 | BF33: 1524.2 | BG33: 1575.7 | BH33: 1462.1 | BI33: 1490.7 | BJ33: 1897.1 | BK33: 2094.9 | BL33: 2071.5 | BM33: 2049.6 | BN33: 2042 | BO33: 2111.3 | BP33: 2098.4 | BQ33: 2179.3 | BR33: 2042.2
A34: 27 | B34: Undistributed profits with IVA and CCAdj | C34: 9.3 | D34: 10.1 | E34: 11.7 | F34: 11.1 | G34: 12.6 | H34: 17.6 | I34: 16.4 | J34: 16 | K34: 13.3 | L34: 19.2 | M34: 18.5 | N34: 19.2 | O34: 24.9 | P34: 27.9 | Q34: 31.4 | R34: 38 | S34: 41.6 | T34: 39.5 | U34: 38.6 | V34: 34.2 | W34: 27.2 | X34: 37.5 | Y34: 48 | Z34: 53.5 | AA34: 39.7 | AB34: 54.3 | AC34: 70 | AD34: 86.6 | AE34: 102.9 | AF34: 101.4 | AG34: 72.3 | AH34: 89.4 | AI34: 85.6 | AJ34: 115.7 | AK34: 149.5 | AL34: 157.5 | AM34: 108.5 | AN34: 123.2 | AO34: 143.3 | AP34: 110.2 | AQ34: 102.7 | AR34: 132.2 | AS34: 137.1 | AT34: 145.6 | AU34: 192.8 | AV34: 226.2 | AW34: 251.1 | AX34: 280.9 | AY34: 198.7 | AZ34: 223.5 | BA34: 131.4 | BB34: 180.2 | BC34: 314.7 | BD34: 378.6 | BE34: 413.2 | BF34: 484.8 | BG34: 447.1 | BH34: 264.6 | BI34: 167.3 | BJ34: 552.9 | BK34: 811.9 | BL34: 733.9 | BM34: 691.2 | BN34: 635.8 | BO34: 648.9 | BP34: 570.1 | BQ34: 620.6 | BR34: 707.7
A35: 28 | B35: Consumption of fixed capital | C35: 13.3 | D35: 15.1 | E35: 16.1 | F35: 17.3 | G35: 18.3 | H35: 19.6 | I35: 22.1 | J35: 24.6 | K35: 26.4 | L35: 27.6 | M35: 28.5 | N35: 29.5 | O35: 30.8 | P35: 32.4 | Q35: 34.4 | R35: 37.1 | S35: 40.9 | T35: 45.1 | U35: 50 | V35: 55.7 | W35: 61.8 | X35: 67.6 | Y35: 73.4 | Z35: 82 | AA35: 96 | AB35: 113.5 | AC35: 125 | AD35: 140.5 | AE35: 159.3 | AF35: 183.4 | AG35: 212.1 | AH35: 244.9 | AI35: 272.5 | AJ35: 285.9 | AK35: 303.2 | AL35: 326.9 | AM35: 349.9 | AN35: 371.3 | AO35: 399.4 | AP35: 427.2 | AQ35: 455.3 | AR35: 480.9 | AS35: 496.2 | AT35: 519.8 | AU35: 550.4 | AV35: 593.6 | AW35: 629.8 | AX35: 674 | AY35: 719.3 | AZ35: 774.6 | BA35: 844.5 | BB35: 894.9 | BC35: 920.5 | BD35: 941.5 | BE35: 982.7 | BF35: 1051.6 | BG35: 1128.6 | BH35: 1197.5 | BI35: 1259.2 | BJ35: 1260.6 | BK35: 1262.5 | BL35: 1298.8 | BM35: 1351 | BN35: 1400.5 | BO35: 1465.7 | BP35: 1525.1 | BQ35: 1563.2 | BR35: 1626
A36: 29 | B36: Less: Capital transfers paid (net) | C36: --- | D36: --- | E36: --- | F36: --- | G36: --- | H36: 0 | I36: 0 | J36: 0 | K36: 0 | L36: 0 | M36: -0.1 | N36: -0.1 | O36: -0.1 | P36: -0.1 | Q36: -0.1 | R36: -0.1 | S36: -0.1 | T36: -0.1 | U36: -0.1 | V36: -0.1 | W36: -0.1 | X36: -0.1 | Y36: -0.2 | Z36: -0.2 | AA36: -0.2 | AB36: -0.2 | AC36: -0.2 | AD36: -0.2 | AE36: -0.2 | AF36: -0.2 | AG36: -0.3 | AH36: -0.2 | AI36: -0.2 | AJ36: 0 | AK36: 0 | AL36: 0 | AM36: 0 | AN36: 0 | AO36: 0 | AP36: 2 | AQ36: 0 | AR36: 1.3 | AS36: 10.4 | AT36: 1.4 | AU36: 8.9 | AV36: 1.5 | AW36: 0 | AX36: 0 | AY36: 0 | AZ36: 0.9 | BA36: 0 | BB36: -4.8 | BC36: 0 | BD36: -0.1 | BE36: 9.5 | BF36: 12.2 | BG36: 0 | BH36: 0 | BI36: -64.2 | BJ36: -83.6 | BK36: -20.6 | BL36: -38.8 | BM36: -7.4 | BN36: -5.7 | BO36: 3.3 | BP36: -3.2 | BQ36: 4.4 | BR36: 291.5
B37: Addenda:
A38: 30 | B38: Proprietors' income with IVA and CCAdj | C38: 37.5 | D38: 42.6 | E38: 43 | F38: 42 | G38: 42.3 | H38: 44.3 | I38: 45.8 | J38: 47.8 | K38: 50.2 | L38: 50.3 | M38: 50.6 | N38: 53.2 | O38: 55.2 | P38: 56.4 | Q38: 59.1 | R38: 63.7 | S38: 67.9 | T38: 69.5 | U38: 73.8 | V38: 77 | W38: 77.8 | X38: 83.9 | Y38: 95.1 | Z38: 112.5 | AA38: 112.2 | AB38: 118.2 | AC38: 131 | AD38: 144.5 | AE38: 166 | AF38: 179.4 | AG38: 171.6 | AH38: 179.7 | AI38: 171.2 | AJ38: 186.3 | AK38: 228.2 | AL38: 241.1 | AM38: 256.5 | AN38: 286.5 | AO38: 325.8 | AP38: 341.9 | AQ38: 354.4 | AR38: 356 | AS38: 402.4 | AT38: 430.5 | AU38: 459.5 | AV38: 484.5 | AW38: 547.4 | AX38: 587.9 | AY38: 644.2 | AZ38: 700.4 | BA38: 757.8 | BB38: 836.8 | BC38: 871 | BD38: 900.1 | BE38: 962.1 | BF38: 979 | BG38: 1053.7 | BH38: 979.2 | BI38: 1026.5 | BJ38: 973 | BK38: 1032.7 | BL38: 1143.7 | BM38: 1241.4 | BN38: 1284.7 | BO38: 1315.8 | BP38: 1318.8 | BQ38: 1341.9 | BR38: 1386
A39: 31 | B39: Farm | C39: 12.9 | D39: 15.3 | E39: 14.3 | F39: 12.2 | G39: 11.7 | H39: 10.7 | I39: 10.6 | J39: 10.6 | K39: 12.4 | L39: 10 | M39: 10.6 | N39: 11.2 | O39: 11.2 | P39: 11 | Q39: 9.8 | R39: 12 | S39: 13 | T39: 11.6 | U39: 11.7 | V39: 12.8 | W39: 12.9 | X39: 13.4 | Y39: 17 | Z39: 29.1 | AA39: 23.5 | AB39: 22 | AC39: 17.2 | AD39: 16 | AE39: 19.9 | AF39: 22.2 | AG39: 11.7 | AH39: 19 | AI39: 13.3 | AJ39: 6.2 | AK39: 20.9 | AL39: 21 | AM39: 22.8 | AN39: 28.9 | AO39: 26.8 | AP39: 33 | AQ39: 32.2 | AR39: 26.8 | AS39: 34.8 | AT39: 31.4 | AU39: 34.7 | AV39: 22 | AW39: 37.3 | AX39: 32.4 | AY39: 28.4 | AZ39: 28.1 | BA39: 31.5 | BB39: 32.1 | BC39: 19.9 | BD39: 38 | BE39: 50.4 | BF39: 46.4 | BG39: 36 | BH39: 38.1 | BI39: 47 | BJ39: 35.5 | BK39: 46 | BL39: 75.5 | BM39: 61.6 | BN39: 87.8 | BO39: 68.1 | BP39: 53.7 | BQ39: 43.2 | BR39: 35.1
A40: 32 | B40: Proprietors' income with IVA | C40: 13.3 | D40: 15.8 | E40: 14.9 | F40: 12.7 | G40: 12.2 | H40: 11.2 | I40: 11.1 | J40: 11.1 | K40: 13 | L40: 10.7 | M40: 11.2 | N40: 11.8 | O40: 11.7 | P40: 11.5 | Q40: 10.3 | R40: 12.5 | S40: 13.6 | T40: 12.3 | U40: 12.3 | V40: 13.6 | W40: 13.8 | X40: 14.5 | Y40: 18.2 | Z40: 30.3 | AA40: 25.3 | AB40: 24.6 | AC40: 20.1 | AD40: 19.3 | AE40: 23.7 | AF40: 26.6 | AG40: 17.3 | AH40: 25.6 | AI40: 20.4 | AJ40: 13.1 | AK40: 27.6 | AL40: 27.2 | AM40: 28.9 | AN40: 34.8 | AO40: 32.5 | AP40: 38.8 | AQ40: 37.8 | AR40: 32.5 | AS40: 40.4 | AT40: 36.8 | AU40: 40.1 | AV40: 27.4 | AW40: 42.6 | AX40: 37.4 | AY40: 33.2 | AZ40: 32.9 | BA40: 36.1 | BB40: 36.7 | BC40: 24.4 | BD40: 42.6 | BE40: 55.3 | BF40: 51.8 | BG40: 41.8 | BH40: 44.2 | BI40: 53.5 | BJ40: 41.8 | BK40: 51.8 | BL40: 81.4 | BM40: 67.4 | BN40: 93.6 | BO40: 74.2 | BP40: 59.7 | BQ40: 49.2 | BR40: 41.3
A41: 33 | B41: Capital consumption adjustment | C41: -0.4 | D41: -0.5 | E41: -0.6 | F41: -0.5 | G41: -0.5 | H41: -0.4 | I41: -0.5 | J41: -0.6 | K41: -0.6 | L41: -0.6 | M41: -0.6 | N41: -0.5 | O41: -0.5 | P41: -0.5 | Q41: -0.5 | R41: -0.5 | S41: -0.6 | T41: -0.6 | U41: -0.7 | V41: -0.8 | W41: -0.9 | X41: -1.1 | Y41: -1.2 | Z41: -1.3 | AA41: -1.8 | AB41: -2.6 | AC41: -2.9 | AD41: -3.3 | AE41: -3.8 | AF41: -4.5 | AG41: -5.6 | AH41: -6.6 | AI41: -7.1 | AJ41: -7 | AK41: -6.7 | AL41: -6.2 | AM41: -6.1 | AN41: -5.9 | AO41: -5.7 | AP41: -5.7 | AQ41: -5.7 | AR41: -5.7 | AS41: -5.6 | AT41: -5.5 | AU41: -5.4 | AV41: -5.4 | AW41: -5.3 | AX41: -5 | AY41: -4.8 | AZ41: -4.7 | BA41: -4.7 | BB41: -4.6 | BC41: -4.5 | BD41: -4.5 | BE41: -4.8 | BF41: -5.5 | BG41: -5.9 | BH41: -6.1 | BI41: -6.5 | BJ41: -6.4 | BK41: -5.8 | BL41: -5.9 | BM41: -5.9 | BN41: -5.8 | BO41: -6 | BP41: -6 | BQ41: -6.1 | BR41: -6.2
A42: 34 | B42: Nonfarm | C42: 24.6 | D42: 27.3 | E42: 28.7 | F42: 29.8 | G42: 30.5 | H42: 33.6 | I42: 35.2 | J42: 37.2 | K42: 37.7 | L42: 40.3 | M42: 39.9 | N42: 42 | O42: 44 | P42: 45.4 | Q42: 49.4 | R42: 51.6 | S42: 54.9 | T42: 57.8 | U42: 62.2 | V42: 64.2 | W42: 64.9 | X42: 70.5 | Y42: 78.1 | Z42: 83.4 | AA42: 88.7 | AB42: 96.2 | AC42: 113.8 | AD42: 128.5 | AE42: 146.1 | AF42: 157.3 | AG42: 159.9 | AH42: 160.7 | AI42: 157.9 | AJ42: 180.1 | AK42: 207.3 | AL42: 220.1 | AM42: 233.7 | AN42: 257.6 | AO42: 299.1 | AP42: 308.9 | AQ42: 322.3 | AR42: 329.2 | AS42: 367.6 | AT42: 399.2 | AU42: 424.8 | AV42: 462.4 | AW42: 510.1 | AX42: 555.5 | AY42: 615.7 | AZ42: 672.3 | BA42: 726.3 | BB42: 804.7 | BC42: 851.1 | BD42: 862 | BE42: 911.6 | BF42: 932.6 | BG42: 1017.7 | BH42: 941.1 | BI42: 979.5 | BJ42: 937.5 | BK42: 986.7 | BL42: 1068.1 | BM42: 1179.8 | BN42: 1197 | BO42: 1247.7 | BP42: 1265.1 | BQ42: 1298.7 | BR42: 1350.9
A43: 35 | B43: Proprietors' income (without IVA and CCAdj) | C43: 25.8 | D43: 27.8 | E43: 28.6 | F43: 30 | G43: 30.5 | H43: 33.8 | I43: 35.6 | J43: 37.5 | K43: 37.9 | L43: 40.5 | M43: 40.1 | N43: 42.2 | O43: 44.2 | P43: 45.5 | Q43: 49.4 | R43: 52.1 | S43: 55.6 | T43: 58.6 | U43: 63 | V43: 65 | W43: 65.9 | X43: 71.8 | Y43: 79 | Z43: 85.5 | AA43: 92.8 | AB43: 98.9 | AC43: 116.2 | AD43: 130.7 | AE43: 148.3 | AF43: 159.1 | AG43: 161.7 | AH43: 157.2 | AI43: 154.4 | AJ43: 167.8 | AK43: 185.3 | AL43: 189.1 | AM43: 197.9 | AN43: 228.1 | AO43: 270.4 | AP43: 280.2 | AQ43: 303.7 | AR43: 313 | AS43: 349.7 | AT43: 381.3 | AU43: 411.7 | AV43: 449.5 | AW43: 490.5 | AX43: 526 | AY43: 579.5 | AZ43: 627.7 | BA43: 674 | BB43: 730.4 | BC43: 763 | BD43: 768.9 | BE43: 816.1 | BF43: 871 | BG43: 947.8 | BH43: 865.5 | BI43: 838.5 | BJ43: 796.8 | BK43: 842.9 | BL43: 885.7 | BM43: 1024.3 | BN43: 1011.7 | BO43: 1048.7 | BP43: 1038.6 | BQ43: 1075.7 | BR43: 1111.8
A44: 36 | B44: Inventory valuation adjustment | C44: -1.1 | D44: -0.3 | E44: 0.2 | F44: -0.2 | G44: 0 | H44: -0.2 | I44: -0.5 | J44: -0.3 | K44: -0.1 | L44: 0 | M44: 0 | N44: 0 | O44: 0 | P44: 0 | Q44: -0.1 | R44: -0.2 | S44: -0.2 | T44: -0.2 | U44: -0.4 | V44: -0.5 | W44: -0.5 | X44: -0.6 | Y44: -0.7 | Z44: -1.9 | AA44: -3.4 | AB44: -1.1 | AC44: -1.1 | AD44: -1.1 | AE44: -1.9 | AF44: -2.6 | AG44: -2.9 | AH44: -1.3 | AI44: -0.5 | AJ44: -0.5 | AK44: -0.4 | AL44: -0.2 | AM44: 0 | AN44: -0.8 | AO44: -1.2 | AP44: -1.3 | AQ44: -1.1 | AR44: -0.1 | AS44: -0.5 | AT44: -0.4 | AU44: -0.7 | AV44: -1.5 | AW44: -0.4 | AX44: 1 | AY44: 1.3 | AZ44: -0.9 | BA44: -1.7 | BB44: 1 | BC44: 0.4 | BD44: -1.3 | BE44: -4.6 | BF44: -4 | BG44: -3.6 | BH44: -6.5 | BI44: -4.6 | BJ44: 1.4 | BK44: -6.3 | BL44: -10 | BM44: -1.8 | BN44: 0.4 | BO44: 0.9 | BP44: 9.2 | BQ44: -0.3 | BR44: -7.7
A45: 37 | B45: Capital consumption adjustment | C45: -0.1 | D45: -0.2 | E45: -0.1 | F45: 0 | G45: 0 | H45: 0 | I45: 0.1 | J45: 0 | K45: -0.1 | L45: -0.2 | M45: -0.2 | N45: -0.3 | O45: -0.1 | P45: 0 | Q45: 0 | R45: -0.3 | S45: -0.5 | T45: -0.5 | U45: -0.4 | V45: -0.4 | W45: -0.5 | X45: -0.8 | Y45: -0.2 | Z45: -0.2 | AA45: -0.7 | AB45: -1.5 | AC45: -1.4 | AD45: -1 | AE45: -0.4 | AF45: 0.8 | AG45: 1.1 | AH45: 4.7 | AI45: 4 | AJ45: 12.8 | AK45: 22.4 | AL45: 31.2 | AM45: 35.8 | AN45: 30.3 | AO45: 29.8 | AP45: 30 | AQ45: 19.7 | AR45: 16.3 | AS45: 18.4 | AT45: 18.3 | AU45: 13.9 | AV45: 14.4 | AW45: 20 | AX45: 28.5 | AY45: 35 | AZ45: 45.5 | BA45: 54 | BB45: 73.4 | BC45: 87.7 | BD45: 94.5 | BE45: 100.1 | BF45: 65.6 | BG45: 73.5 | BH45: 82 | BI45: 145.6 | BJ45: 139.3 | BK45: 150.1 | BL45: 192.4 | BM45: 157.3 | BN45: 184.9 | BO45: 198 | BP45: 217.3 | BQ45: 223.4 | BR45: 246.6
A46: 38 | B46: Rental income of persons with CCAdj | C46: 8.8 | D46: 9.7 | E46: 10.8 | F46: 12 | G46: 13.1 | H46: 13.4 | I46: 13.7 | J46: 14.1 | K46: 14.8 | L46: 15.6 | M46: 16.5 | N46: 17.2 | O46: 18 | P46: 18.7 | Q46: 18.8 | R46: 19.3 | S46: 19.9 | T46: 20.3 | U46: 20.1 | V46: 20.4 | W46: 20.7 | X46: 21.9 | Y46: 22.8 | Z46: 23.3 | AA46: 23.3 | AB46: 22.5 | AC46: 20.6 | AD46: 16.2 | AE46: 16.9 | AF46: 16.6 | AG46: 19.7 | AH46: 25.4 | AI46: 26.1 | AJ46: 27.5 | AK46: 27.9 | AL46: 29.5 | AM46: 21.9 | AN46: 20.2 | AO46: 25.1 | AP46: 24.4 | AQ46: 31.4 | AR46: 42 | AS46: 64.3 | AT46: 93.6 | AU46: 117.5 | AV46: 129.2 | AW46: 147 | AX46: 152 | AY46: 169.9 | AZ46: 183.1 | BA46: 187.7 | BB46: 207.5 | BC46: 217.3 | BD46: 238 | BE46: 255.4 | BF46: 238.4 | BG46: 207.5 | BH46: 189.4 | BI46: 262.1 | BJ46: 333.7 | BK46: 402.8 | BL46: 485.3 | BM46: 525.3 | BN46: 567.1 | BO46: 611.7 | BP46: 662.5 | BQ46: 707.3 | BR46: 743.9
A47: 39 | B47: Rental income of persons (without CCAdj) | C47: 9.3 | D47: 10.3 | E47: 11.4 | F47: 12.6 | G47: 13.7 | H47: 14 | I47: 14.3 | J47: 14.7 | K47: 15.4 | L47: 16.2 | M47: 17 | N47: 17.7 | O47: 18.6 | P47: 19.2 | Q47: 19.3 | R47: 19.9 | S47: 20.5 | T47: 21 | U47: 20.9 | V47: 21.4 | W47: 21.8 | X47: 23.1 | Y47: 24.2 | Z47: 24.9 | AA47: 25.4 | AB47: 25 | AC47: 23.3 | AD47: 19.4 | AE47: 20.8 | AF47: 21.1 | AG47: 25.1 | AH47: 31.3 | AI47: 32.4 | AJ47: 33.8 | AK47: 34.4 | AL47: 36.1 | AM47: 28.8 | AN47: 27.5 | AO47: 32.6 | AP47: 32.2 | AQ47: 39.2 | AR47: 49.8 | AS47: 72.1 | AT47: 101.8 | AU47: 126 | AV47: 138 | AW47: 155.9 | AX47: 161.2 | AY47: 179.4 | AZ47: 193.1 | BA47: 198.4 | BB47: 219 | BC47: 229.1 | BD47: 250.6 | BE47: 269.4 | BF47: 254.2 | BG47: 224.7 | BH47: 206.6 | BI47: 278.4 | BJ47: 348.3 | BK47: 416.8 | BL47: 499.3 | BM47: 539.5 | BN47: 582.6 | BO47: 629 | BP47: 680.4 | BQ47: 726.1 | BR47: 764.2
A48: 40 | B48: Capital consumption adjustment | C48: -0.6 | D48: -0.6 | E48: -0.6 | F48: -0.6 | G48: -0.6 | H48: -0.6 | I48: -0.6 | J48: -0.6 | K48: -0.6 | L48: -0.6 | M48: -0.6 | N48: -0.5 | O48: -0.5 | P48: -0.5 | Q48: -0.5 | R48: -0.5 | S48: -0.6 | T48: -0.7 | U48: -0.8 | V48: -1 | W48: -1 | X48: -1.2 | Y48: -1.4 | Z48: -1.7 | AA48: -2.1 | AB48: -2.4 | AC48: -2.7 | AD48: -3.2 | AE48: -3.9 | AF48: -4.6 | AG48: -5.3 | AH48: -5.9 | AI48: -6.3 | AJ48: -6.3 | AK48: -6.5 | AL48: -6.6 | AM48: -6.9 | AN48: -7.3 | AO48: -7.5 | AP48: -7.8 | AQ48: -7.9 | AR48: -7.8 | AS48: -7.8 | AT48: -8.2 | AU48: -8.5 | AV48: -8.8 | AW48: -9 | AX48: -9.2 | AY48: -9.5 | AZ48: -10 | BA48: -10.7 | BB48: -11.5 | BC48: -11.8 | BD48: -12.6 | BE48: -14 | BF48: -15.7 | BG48: -17.2 | BH48: -17.2 | BI48: -16.3 | BJ48: -14.6 | BK48: -14.1 | BL48: -14 | BM48: -14.2 | BN48: -15.5 | BO48: -17.3 | BP48: -17.9 | BQ48: -18.8 | BR48: -20.2
A49: 41 | B49: Corporate profits with IVA and CCAdj | C49: 36.1 | D49: 41.2 | E49: 39.7 | F49: 40.3 | G49: 39.5 | H49: 50.2 | I49: 49.6 | J49: 49.1 | K49: 43.9 | L49: 55.5 | M49: 54.7 | N49: 55.9 | O49: 64 | P49: 70.5 | Q49: 77.7 | R49: 89.3 | S49: 96.1 | T49: 93.9 | U49: 101.7 | V49: 98.4 | W49: 86.2 | X49: 100.6 | Y49: 117.2 | Z49: 133.4 | AA49: 125.7 | AB49: 138.9 | AC49: 174.3 | AD49: 205.8 | AE49: 238.6 | AF49: 249 | AG49: 223.6 | AH49: 247.5 | AI49: 229.9 | AJ49: 279.8 | AK49: 337.9 | AL49: 354.5 | AM49: 324.4 | AN49: 366 | AO49: 414.9 | AP49: 414.2 | AQ49: 417.2 | AR49: 451.3 | AS49: 475.3 | AT49: 522 | AU49: 621.9 | AV49: 703 | AW49: 786.1 | AX49: 865.8 | AY49: 804.1 | AZ49: 830.2 | BA49: 781.2 | BB49: 754 | BC49: 907.2 | BD49: 1056.4 | BE49: 1283.3 | BF49: 1477.7 | BG49: 1646.5 | BH49: 1529 | BI49: 1285.1 | BJ49: 1397 | BK49: 1746.4 | BL49: 1816.6 | BM49: 1998.2 | BN49: 2032.9 | BO49: 2140.6 | BP49: 2117.5 | BQ49: 2073.5 | BR49: 2164.6
... A57: 49 | B57: Capital consumption adjustment | C57: -2.8 | D57: -3 | E57: -2.6 | F57: -1.9 | G57: -1 | H57: 0.5 | I57: -0.3 | J57: -0.5 | K57: -0.9 | L57: -0.2 | M57: 1 | N57: 1.8 | O57: 4.8 | P57: 6 | Q57: 6.8 | R57: 7.4 | S57: 7.8 | T57: 7.8 | U57: 7.5 | V57: 7.6 | W57: 6.5 | X57: 6 | Y57: 7.9 | Z57: 6.8 | AA57: 2.4 | AB57: -5.4 | AC57: -7.8 | AD57: -7 | AE57: -8.1 | AF57: -12 | AG57: -17.1 | AH57: -4.5 | AI57: 5 | AJ57: 23.3 | AK57: 43.6 | AL57: 64.8 | AM57: 51.1 | AN57: 51.4 | AO57: 48.7 | AP57: 41.2 | AQ57: 26 | AR57: 17.1 | AS57: 15.5 | AT57: 20.1 | AU57: 32.6 | AV57: 36 | AW57: 44.2 | AX57: 54.8 | AY57: 60.3 | AZ57: 68 | BA57: 50.9 | BB57: 55.4 | BC57: 112.1 | BD57: 96.5 | BE57: 68.2 | BF57: -143.5 | BG57: -169.2 | BH57: -179.9 | BI57: -60.4 | BJ57: -82.2 | BK57: -53.3 | BL57: 78.1 | BM57: -118.5 | BN57: -126.6 | BO57: -112.6 | BP57: -93.5 | BQ57: -88.2 | BR57: -33.9
A58: Legend / Footnotes:
A59: IVA Inventory valuation adjustment
A60: CCAdj Capital consumption adjustment
A61: 1. Includes actual employer contributions and actuarially imputed employer contributions to reflect benefits accrued by defined benefit pension plan participants through service to employers in the current period.
A62: 2. Prior to 1959, subsidies (line 20) and the current surplus of government enterprises (line 25) are not shown separately; subsidies are presented net of the current surplus of government enterprises.
B64: GDP in billions of current dollars | C64: 300.2 | D64: 347.3 | E64: 367.7 | F64: 389.7 | G64: 391.1 | H64: 426.2 | I64: 450.1 | J64: 474.9 | K64: 482 | L64: 522.5 | M64: 543.3 | N64: 563.3 | O64: 605.1 | P64: 638.6 | Q64: 685.8 | R64: 743.7 | S64: 815 | T64: 861.7 | U64: 942.5 | V64: 1019.9 | W64: 1075.9 | X64: 1167.8 | Y64: 1282.4 | Z64: 1428.5 | AA64: 1548.8 | AB64: 1688.9 | AC64: 1877.6 | AD64: 2086 | AE64: 2356.6 | AF64: 2632.1 | AG64: 2862.5 | AH64: 3211 | AI64: 3345 | AJ64: 3638.1 | AK64: 4040.7 | AL64: 4346.7 | AM64: 4590.2 | AN64: 4870.2 | AO64: 5252.6 | AP64: 5657.7 | AQ64: 5979.6 | AR64: 6174 | AS64: 6539.3 | AT64: 6878.7 | AU64: 7308.8 | AV64: 7664.1 | AW64: 8100.2 | AX64: 8608.5 | AY64: 9089.2 | AZ64: 9660.6 | BA64: 10284.8 | BB64: 10621.8 | BC64: 10977.5 | BD64: 11510.7 | BE64: 12274.9 | BF64: 13093.7 | BG64: 13855.9 | BH64: 14477.6 | BI64: 14718.6 | BJ64: 14418.7 | BK64: 14964.4 | BL64: 15517.9 | BM64: 16155.3 | BN64: 16691.5 | BO64: 17427.6 | BP64: 18120.7 | BQ64: 18624.5
A66: USA | B66: Compensation of employees/GDP % | C66: =+C8/C64*100 -> 52.798135 | D66: =+D8/D64*100 -> 53.52721 | E66: =+E8/E64*100 -> 54.745717 | F66: =+F8/F64*100 -> 55.298948 | G66: =+G8/G64*100 -> 54.819739 | H66: =+H8/H64*100 -> 54.176443 | I66: =+I8/I64*100 -> 55.454343 | J66: =+J8/J64*100 -> 55.38008 | ... BQ66: =+BQ8/BQ64*100 -> 53.577814
B67: Wages and salaries/GDP % | C67: =+C9/C64*100 -> 49.067288 | D67: =+D9/D64*100 -> 49.409732 | E67: =+E9/E64*100 -> 50.475931 | F67: =+F9/F64*100 -> 51.064922 | G67: =+G9/G64*100 -> 50.447456 | H67: =+H9/H64*100 -> 49.788832 | I67: =+I9/I64*100 -> 50.877583 | J67: =+J9/J64*100 -> 50.536955 | ... BQ67: =+BQ9/BQ64*100 -> 43.411635
A68: Perú - Participación salarial | B68: Participación salarial (%) | C68: 34.791929 | D68: 33.313262 | E68: 34.44854 | F68: 36.132505 | G68: 36.935049 | H68: 37.666329 | I68: 38.919017 | J68: 40.316775 | K68: 41.685276 | L68: 41.192744 | M68: 39.115078 | N68: 39.661892 | O68: 39.223997 | P68: 40.138352 | Q68: 39.700403 | R68: 39.60509 | S68: 38.465275 | T68: 39.53691 | U68: 38.809399 | V68: 37.570088 | W68: 36.784206 | X68: 38.63516 | Y68: 39.820421 | Z68: 38.545798 | AA68: 36.834338 | AB68: 37.353461 | AC68: 38.049664 | AD68: 36.832365 | AE68: 32.572752 | AF68: 28.108883 | AG68: 30.544315 | AH68: 32.624907 | AI68: 34.668474 | AJ68: 36.800576 | AK68: 34.49769 | AL68: 32.532352 | AM68: 37.326401 | AN68: 41.157624 | AO68: 35.039391 | AP68: 36.157093 | AQ68: 34.840324 | AR68: 30.064453 | AS68: 26.447623 | AT68: 24.993503 | AU68: 25.123508 | AV68: 25.853044 | AW68: 26.284679 | AX68: 26.187607 | AY68: 27.303388 | AZ68: 28.418598 | BA68: 28.655983 | BB68: 30.322536 | BC68: 30.988151 | BD68: 31.800831 | BE68: 31.319242 | BF68: 30.968855 | BG68: 30.274901 | BH68: 30.694135 | BI68: 30.605383 | BJ68: 31.301055 | BK68: 30.283792 | BL68: 29.763936 | BM68: 30.721999 | BN68: 31.201096 | BO68: 31.71714 | BP68: 31.743447 | BQ68: 31.457337
A69: A.L | B69: Participación salarial (%) | C69: 37.879243 | D69: 35.960144 | E69: 37.464489 | F69: 37.787601 | G69: 37.529748 | H69: 37.959185 | I69: 38.50379 | J69: 38.191117 | K69: 39.582466 | L69: 39.622845 | M69: 39.841837 | N69: 40.138867 | O69: 40.040849 | P69: 40.309683 | Q69: 39.249545 | R69: 39.632298 | S69: 40.095545 | T69: 40.664403 | U69: 39.557372 | V69: 39.515478 | W69: 39.326903 | X69: 39.630776 | Y69: 39.596617 | Z69: 38.357814 | AA69: 38.306425 | AB69: 39.437065 | AC69: 38.526322 | AD69: 38.103582 | AE69: 38.573402 | AF69: 38.214882 | AG69: 38.240084 | AH69: 39.150504 | AI69: 38.135395 | AJ69: 36.770965 | AK69: 36.192234 | AL69: 35.650501 | AM69: 36.548757 | AN69: 36.098485 | AO69: 36.686198 | AP69: 36.318067 | AQ69: 36.476264 | AR69: 36.051768 | AS69: 37.771323 | AT69: 39.04105 | AU69: 36.75821 | AV69: 36.064594 | AW69: 34.803292 | AX69: 35.147146 | AY69: 35.993233 | AZ69: 35.961449 | BA69: 35.262876 | BB69: 36.013533 | BC69: 35.247058 | BD69: 34.259099 | BE69: 33.60983 | BF69: 33.531246 | BG69: 33.62021 | BH69: 33.933749 | BI69: 34.289775 | BJ69: 36.129646 | BK69: 35.376301 | BL69: 35.140305 | BM69: 36.104424 | BN69: 36.696914 | BO69: 37.219868
A95: HP
A96: USA | B96: Compensation of employees/GDP % | C96: 53.706452 | D96: 53.946365 | E96: 54.177194 | F96: 54.385666 | G96: 54.564191 | H96: 54.714312 | I96: 54.840127 | J96: 54.940357 | K96: 55.019864 | L96: 55.087908 | M96: 55.15355 | N96: 55.222913 | O96: 55.306265 | P96: 55.413926 | Q96: 55.553308 | R96: 55.727639 | S96: 55.934045 | T96: 56.158697 | U96: 56.380942 | V96: 56.578943 | W96: 56.731616 | X96: 56.826654 | Y96: 56.865437 | Z96: 56.852235 | AA96: 56.794718 | AB96: 56.702563 | AC96: 56.59233 | AD96: 56.476169 | AE96: 56.36017 | AF96: 56.246065 | AG96: 56.132196 | AH96: 56.017117 | AI96: 55.906159 | AJ96: 55.803597 | AK96: 55.720948 | AL96: 55.665254 | AM96: 55.635112 | AN96: 55.62208 | AO96: 55.615544 | AP96: 55.608054 | AQ96: 55.597627 | AR96: 55.581657 | AS96: 55.56058 | AT96: 55.538133 | AU96: 55.523837 | AV96: 55.527272 | AW96: 55.551447 | AX96: 55.592447 | AY96: 55.636767 | AZ96: 55.662656 | BA96: 55.650661 | BB96: 55.584739 | BC96: 55.461781 | BD96: 55.292086 | BE96: 55.090835 | BF96: 54.873207 | BG96: 54.652521 | BH96: 54.434599 | BI96: 54.220192 | BJ96: 54.011257 | BK96: 53.8164 | BL96: 53.644175 | BM96: 53.496996 | BN96: 53.373703 | BO96: 53.271114 | BP96: 53.182062 | BQ96: 53.097809
B97: Wages and salaries/GDP % | C97: 49.848548 | D97: 49.954972 | E97: 50.053583 | F97: 50.131117 | G97: 50.178531 | H97: 50.196123 | I97: 50.186879 | J97: 50.14971 | K97: 50.090437 | L97: 50.018752 | M97: 49.944067 | N97: 49.872827 | O97: 49.814342 | P97: 49.77715 | Q97: 49.766438 | R97: 49.782735 | S97: 49.821467 | T97: 49.869408 | U97: 49.906285 | V97: 49.910981 | W97: 49.864115 | X97: 49.755382 | Y97: 49.588522 | Z97: 49.370235 | AA97: 49.109467 | AB97: 48.817643 | AC97: 48.51374 | AD97: 48.211001 | AE97: 47.916708 | AF97: 47.632638 | AG97: 47.356919 | AH97: 47.08751 | AI97: 46.828591 | AJ97: 46.584162 | AK97: 46.364528 | AL97: 46.175242 | AM97: 46.014791 | AN97: 45.876028 | AO97: 45.749654 | AP97: 45.630897 | AQ97: 45.521981 | AR97: 45.425387 | AS97: 45.346801 | AT97: 45.293515 | AU97: 45.272847 | AV97: 45.286834 | AW97: 45.327621 | AX97: 45.380461 | AY97: 45.4238 | AZ97: 45.432626 | BA97: 45.38775 | BB97: 45.277121 | BC97: 45.104035 | BD97: 44.885455 | BE97: 44.642452 | BF97: 44.393592 | BG97: 44.152725 | BH97: 43.924476 | BI97: 43.709113 | BJ97: 43.509392 | BK97: 43.334762 | BL97: 43.193141 | BM97: 43.085278 | BN97: 43.007443 | BO97: 42.954034 | BP97: 42.915744 | BQ97: 42.882742
A98: Perú - Participación salarial HP | B98: Participación salarial (%) | C98: 34.095792 | D98: 34.864114 | E98: 35.639397 | F98: 36.413095 | G98: 37.164751 | H98: 37.871104 | I98: 38.506595 | J98: 39.043618 | K98: 39.458691 | L98: 39.741063 | M98: 39.902249 | N98: 39.968281 | O98: 39.95732 | P98: 39.884462 | Q98: 39.757471 | R98: 39.586647 | S98: 39.381724 | T98: 39.152616 | U98: 38.900076 | V98: 38.628697 | W98: 38.342167 | X98: 38.033587 | Y98: 37.68048 | Z98: 37.266382 | AA98: 36.796231 | AB98: 36.287759 | AC98: 35.759076 | AD98: 35.238953 | AE98: 34.779064 | AF98: 34.447019 | AG98: 34.288363 | AH98: 34.285263 | AI98: 34.382441 | AJ98: 34.508019 | AK98: 34.592977 | AL98: 34.591223 | AM98: 34.45571 | AN98: 34.118803 | AO98: 33.541574 | AP98: 32.755484 | AQ98: 31.806969 | AR98: 30.776486 | AS98: 29.774822 | AT98: 28.905644 | AU98: 28.239348 | AV98: 27.807209 | AW98: 27.609342 | AX98: 27.626321 | AY98: 27.825475 | AZ98: 28.159742 | BA98: 28.576844 | BB98: 29.027087 | BC98: 29.461572 | BD98: 29.844352 | BE98: 30.154747 | BF98: 30.391642 | BG98: 30.565566 | BH98: 30.692821 | BI98: 30.786801 | BJ98: 30.860916 | BK98: 30.926758 | BL98: 31.000324 | BM98: 31.091178 | BN98: 31.196523 | BO98: 31.309869 | BP98: 31.424771 | BQ98: 31.538857
A99: A.L | B99: Participación salarial (%) | C99: 36.887717 | D99: 37.142216 | E99: 37.40663 | F99: 37.679055 | G99: 37.958162 | H99: 38.243711 | I99: 38.531176 | J99: 38.813186 | K99: 39.082097 | L99: 39.324043 | M99: 39.530162 | N99: 39.694581 | O99: 39.814543 | P99: 39.891734 | Q99: 39.930103 | R99: 39.937778 | S99: 39.916082 | T99: 39.863284 | U99: 39.779445 | V99: 39.672641 | W99: 39.548724 | X99: 39.411976 | Y99: 39.26446 | Z99: 39.110427 | AA99: 38.957451 | AB99: 38.805577 | AC99: 38.648344 | AD99: 38.485602 | AE99: 38.315982 | AF99: 38.134296 | AG99: 37.937928 | AH99: 37.72507 | AI99: 37.496934 | AJ99: 37.268987 | AK99: 37.063081 | AL99: 36.896087 | AM99: 36.776168 | AN99: 36.699031 | AO99: 36.658109 | AP99: 36.64083 | AQ99: 36.634901 | AR99: 36.624803 | AS99: 36.593431 | AT99: 36.517949 | AU99: 36.3873 | AV99: 36.215657 | AW99: 36.020903 | AX99: 35.819412 | AY99: 35.615379 | AZ99: 35.406278 | BA99: 35.193361 | BB99: 34.983431 | BC99: 34.783989 | BD99: 34.612834 | BE99: 34.492396 | BF99: 34.441569 | BG99: 34.470422 | BH99: 34.579917 | BI99: 34.762518 | BJ99: 35.004226 | BK99: 35.286313 | BL99: 35.601307 | BM99: 35.942636 | BN99: 36.299116 | BO99: 36.661184

Sheet Cuadro1
B2: Cuadro 1: Resultados oficiales del coeficiente GINI a partir de enaho (2004-2016)
C3: 2004 | D3: 2005 | E3: 2006 | F3: 2007 | G3: 2008 | H3: 2009 | I3: 2010 | J3: 2011 | K3: 2012 | L3: 2013 | M3: 2014 | N3: 2015 | O3: 2016
B4: GINI del ingreso | C4: 0.49 | D4: 0.51 | E4: 0.5 | F4: 0.5 | G4: 0.48 | H4: 0.47 | I4: 0.46 | J4: 0.45 | K4: 0.45 | L4: 0.44 | M4: 0.44 | N4: 0.44 | O4: 0.44
B5: GINI del gasto | C5: 0.41 | D5: 0.41 | E5: 0.42 | F5: 0.41 | G5: 0.38 | H5: 0.39 | I5: 0.37 | J5: 0.36 | K5: 0.36 | L5: 0.35 | M5: 0.35 | N5: 0.35 | O5: 0.34
B6: Fuente: Elaboración propia con base en INEI (2017).

Sheet Cuadro2
B1: Cuadro 2: Coeficiente GINI con simulación de montecarlo (2004-2016)
C2: 2004 | D2: 2005 | E2: 2006 | F2: 2007 | G2: 2008 | H2: 2009 | I2: 2010 | J2: 2011 | K2: 2012 | L2: 2013 | M2: 2014 | N2: 2015 | O2: 2016
B3: GINI obtenido del Ingreso monetario total - ENAHO | C3: 0.545 | D3: 0.547 | E3: 0.543 | F3: 0.546 | G3: 0.524 | H3: 0.522 | I3: 0.512 | J3: 0.506 | K3: 0.505 | L3: 0.489 | M3: 0.496 | N3: 0.493 | O3: 0.499
B4: GINI del ingreso | C4: 0.49 | D4: 0.51 | E4: 0.5 | F4: 0.5 | G4: 0.48 | H4: 0.47 | I4: 0.46 | J4: 0.45 | K4: 0.45 | L4: 0.44 | M4: 0.44 | N4: 0.44 | O4: 0.44
B5: Escenario 1* | C5: 0.677 | D5: 0.689 | E5: 0.686 | F5: 0.682 | G5: 0.668 | H5: 0.661 | I5: 0.664 | J5: 0.67 | K5: 0.66 | L5: 0.646 | M5: 0.656 | N5: 0.642 | O5: 0.639
B6: Escenario 2** | C6: 0.697 | D6: 0.712 | E6: 0.706 | F6: 0.703 | G6: 0.69 | H6: 0.682 | I6: 0.687 | J6: 0.692 | K6: 0.681 | L6: 0.665 | M6: 0.678 | N6: 0.662 | O6: 0.659
B7: Escenario 3*** | C7: 0.718 | D7: 0.734 | E7: 0.729 | F7: 0.725 | G7: 0.711 | H7: 0.701 | I7: 0.708 | J7: 0.715 | K7: 0.703 | L7: 0.686 | M7: 0.699 | N7: 0.682 | O7: 0.678
B8: *se asigna 10% del sobrante al decil 1 y el 90% restante al decil 10, **se asigna 5% del sobrante al decil 1 y el 95% restante al decil 10 y ***se asigna 100% del sobrante al decil 10.
B9: Fuente: Elaboración propia con base en INEI (2017).

Sheet Cuadro3
B1: Cuadro 3: Coeficientes GINI de los activos financieros en países seleccionados 2015 y 2016
B2: País | C2: GINI 2015 | D2: GINI 2016 | E2: Promedio por país
B3: Alemania | C3: 0.73 | D3: 0.73 | E3: 0.73
B4: Argentina | C4: 0.67 | D4: 0.68 | E4: 0.68
B5: Brasil | C5: 0.73 | D5: 0.73 | E5: 0.73
B6: Chile | C6: 0.73 | D6: 0.74 | E6: 0.74
B7: Colombia | C7: 0.73 | D7: 0.74 | E7: 0.74
B8: España | C8: 0.56 | D8: 0.58 | E8: 0.57
B9: Francia | C9: 0.65 | D9: 0.66 | E9: 0.66
B10: México | C10: 0.7 | D10: 0.71 | E10: 0.71
B11: Perú | C11: 0.69 | D11: 0.7 | E11: 0.7
B12: Reino Unido | C12: 0.75 | D12: 0.75 | E12: 0.75
B13: EE.UU. | C13: 0.81 | D13: 0.81 | E13: 0.81
B14: Promedio anual | C14: 0.7 | D14: 0.71 | E14: 0.71
B15: Fuente: Elaboración propia con base en Allianz (2016 y 2017).

Sheet Cuadro4
B1: Cuadro 4: Evolución del coeficiente GINI de la riqueza en países seleccionados 2009-2016
B2: País | C2: 2010 | D2: 2011 | E2: 2012 | F2: 2013 | G2: 2014 | H2: 2015 | I2: 2016 | J2: Promedio por país
B3: Alemania | C3: 0.684 | D3: 0.75 | E3: 0.777 | F3: 0.771 | G3: 0.771 | H3: 0.775 | I3: 0.789 | J3: =+AVERAGE(C3:I3) -> 0.75957143
B4: Argentina | C4: 0.747 | D4: 0.675 | E4: 0.782 | F4: 0.796 | G4: 0.809 | H4: 0.818 | I4: 0.787 | J4: =+AVERAGE(C4:I4) -> 0.77342857
B5: Brasil | C5: 0.796 | D5: 0.756 | E5: 0.812 | F5: 0.821 | G5: 0.823 | H5: 0.83 | I5: 0.829 | J5: =+AVERAGE(C5:I5) -> 0.80957143
B6: Chile | C6: 0.647 | D6: 0.782 | E6: 0.774 | F6: 0.814 | G6: 0.789 | H6: 0.795 | I6: 0.805 | J6: =+AVERAGE(C6:I6) -> 0.77228571
B7: Colombia | C7: 0.795 | D7: 0.792 | E7: 0.788 | F7: 0.797 | G7: 0.768 | H7: 0.769 | I7: 0.762 | J7: =+AVERAGE(C7:I7) -> 0.78157143
B8: España | C8: 0.565 | D8: 0.634 | E8: 0.662 | F8: 0.661 | G8: 0.671 | H8: 0.671 | I8: 0.68 | J8: =+AVERAGE(C8:I8) -> 0.64914286
B9: Francia | C9: 0.758 | D9: 0.754 | E9: 0.755 | F9: 0.69 | G9: 0.697 | H9: 0.703 | I9: 0.72 | J9: =+AVERAGE(C9:I9) -> 0.72528571
B10: México | C10: 0.78 | D10: 0.725 | E10: 0.78 | F10: 0.78 | G10: 0.759 | H10: 0.759 | I10: 0.779 | J10: =+AVERAGE(C10:I10) -> 0.766
B11: Perú | C11: 0.752 | D11: 0.725 | E11: 0.774 | F11: 0.708 | G11: 0.817 | H11: 0.803 | I11: 0.807 | J11: =+AVERAGE(C11:I11) -> 0.76942857
B12: Reino Unido | C12: 0.717 | D12: 0.67 | E12: 0.675 | F12: 0.677 | G12: 0.682 | H12: 0.678 | I12: 0.732 | J12: =+AVERAGE(C12:I12) -> 0.69014286
B13: EE.UU. | C13: 0.809 | D13: 0.824 | E13: 0.852 | F13: 0.851 | G13: 0.846 | H13: 0.85 | I13: 0.862 | J13: =+AVERAGE(C13:I13) -> 0.842
B14: Promedio anual | C14: =+AVERAGE(C3:C13) -> 0.73181818 | D14: =+AVERAGE(D3:D13) -> 0.73518182 | E14: =+AVERAGE(E3:E13) -> 0.76645455 | F14: =+AVERAGE(F3:F13) -> 0.76054545 | G14: =+AVERAGE(G3:G13) -> 0.76654545 | H14: =+AVERAGE(H3:H13) -> 0.76827273 | I14: =+AVERAGE(I3:I13) -> 0.77745455 | J14: =+AVERAGE(C14:I14) -> 0.75803896
B15: Fuente: Elaboración propia con base en Credit Suisse (2010-2017).
